 Dungeon Crawl Stone Soup version 0.21-a0-471-gd587bd5 (webtiles) character file.

494028 zero the Hoplite (level 25, -9/173 HPs)
             Began as a Gargoyle Berserker on Nov 21, 2017.
             Was a Believer of the Shining One.
             Killed from afar by a titan (17 damage)
             ... with a bolt of lightning
             ... on level 5 of the Vaults.
             The game lasted 01:11:03 (61388 turns).

zero the Hoplite (Gargoyle Berserker)              Turns: 61388, Time: 01:11:04

Health: -9/173     AC: 77    Str: 38    XL:     25   Next: 9%
Magic:  0/36       EV: 11    Int: 11    God:    the Shining One [**....]
Gold:   1400       SH: 36    Dex:  9    Spells: 24/24 levels left

rFire    + . .     SeeInvis .   H - +9 broad axe (protect)
rCold    + . .     Gourm    .   N - +2 large shield
rNeg     + + .     Faith    .   l - +10 crystal plate armour {ponderous}
rPois    ∞         Spirit   +   r - +0 helmet of Jualiw {+Fly rC+ MP+9 Slay+2}
rElec    +         Reflect  .   C - +2 cloak {rPois}
rCorr    +         Harm     .   f - +2 pair of gloves {Str+3}
MR       +....                  u - +2 pair of boots {Stlth+}
Stlth    ..........             b - amulet of guardian spirit
HPRegen  0.38/turn              A - ring of resist corrosion
MPRegen  0.25/turn              q - ring of protection from fire

@: mighty, divine shield, protection aura, flying, very slightly contaminated,
glowing, slow
A: big wings, mutation resistance 1, negative energy resistance 1, electricity
resistance, unbreathing, petrification resistance, rot immunity, AC +19
}: 2/15 runes: serpentine, barnacled
a: Stop Flying, Divine Shield, Renounce Religion


You were on level 5 of the Vaults.
You worshipped the Shining One.
The Shining One was pleased with you.
You were not hungry.

You visited 8 branches of the dungeon, and saw 42 of its levels.
You visited the Abyss 2 times.
You visited 1 bazaar.

You collected 4818 gold pieces.
You spent 3418 gold pieces at shops.

Inventory:

Hand Weapons
 x - the +9 broad axe of Orb Guardian's Foe {speed, MR+ Stlth+}
   (Trog gifted it to you on level 4 of the Shoals)

   Attacks with this weapon are significantly faster.
   It affects your resistance to hostile enchantments.
   It makes you more stealthy.
 H - a +9 broad axe of protection (weapon)
Armour
 f - a +2 pair of gloves of strength (worn)
 l - a +10 crystal plate armour of ponderousness (worn)
 r - the +0 helmet of Jualiw (worn) {+Fly rC+ MP+9 Slay+2}
   (You found it on level 2 of the Abyss)

   It affects your accuracy and damage with ranged weapons and melee attacks
   (+2).
   It protects you from cold.
   It affects your magic capacity (+9).
   It lets you fly.
 u - a +2 pair of boots of stealth (worn)
 C - a +2 cloak of poison resistance (worn)
 N - a +2 large shield (worn)
Jewellery
 b - an amulet of guardian spirit (around neck)
 g - an uncursed ring of protection from fire
 k - the amulet "Raawish" {rElec Regen+}
   (You found it on level 6 of the Lair of Beasts)

   [amulet of regeneration]

   It insulates you from electricity.
   It increases your rate of regeneration.
 q - a ring of protection from fire (right hand)
 y - an uncursed ring of see invisible
 A - a ring of resist corrosion (left hand)
Wands
 E - a wand of digging (11)
Scrolls
 a - 15 scrolls of remove curse
 h - 2 scrolls of teleportation
 j - 26 scrolls of identify
 s - 5 scrolls of fog
 t - a scroll of brand weapon
 I - a scroll of holy word
 L - 2 scrolls of blinking
Potions
 c - 2 potions of cancellation
 e - 2 potions of magic
 m - 5 potions of haste
 o - 13 potions of might
 p - 20 potions of curing
Comestibles
 d - 8 chunks of flesh
 w - 22 meat rations


   Skills:
 + Level 22.0 Fighting
 * Level 19.8 Axes
 + Level 21.1 Armour
 - Level 7.9 Dodging
 + Level 22.3 Shields
 * Level 5.4 Invocations


You had 24 spell levels left.
You didn't know any spells.

Dungeon Overview and Level Annotations

Branches:
Dungeon (15/15)            Temple (1/1) D:6            Lair (6/6) D:10
 Shoals (4/4) Lair:4        Snake (4/4) Lair:3        Slime (0/5) Lair:5
    Orc (2/2) D:12            Elf (0/3) Orc:2        Vaults (5/5) D:13
  Crypt (0/3) Vaults:3     Depths (5/5) D:15            Zot (0/5) Depths:5

Altars:
Ashenzari
Cheibriados
Dithmenos
Elyvilon
Fedhas
Gozag
Hepliaklqana
Kikubaaqudgha
Makhleb
Nemelex Xobeh
Okawaru
Qazlal
Ru
Sif Muna
Trog
Uskayaw
Vehumet
Wu Jian
Xom
Yredelemnul
Zin
The Shining One
Beogh
Jiyva
Lugonu

Shops:
D:8 [   D:9 *   D:11 [   D:13 *   D:15 *   Orc:2 !=(}   Shoals:4 (
Snake:4 (}*}(   Vaults:4 [   Depths:1 [   Depths:4 :

Portals:
Hell: Depths:1 Depths:2 Depths:3 Depths:4 Depths:5
Abyss: Depths:2 Depths:4
Pandemonium: Depths:3
Ziggurat: Depths:1

Annotations:
D:2 1 runed door


Innate Abilities, Weirdness & Mutations

You are resistant to torment.
Your stone body is resilient. (AC +19)
You are immune to poison.
Your large and strong wings let you fly indefinitely.
You resist negative energy. (rN+)
You are resistant to electric shocks. (rElec)
You can survive without breathing.
You are immune to petrification.
You are immune to rotting.
You are somewhat resistant to further mutation.


Message History

You slice the titan like a ripe choko!!!
The titan is moderately wounded.
You hit the long sword of protection. You cut the faun into ribbons!!!
You hear a deafening roar!
The tarantella changes into an elephant!
The titan waves its arms in wide circles.
The air twists around and violently strikes you in flight!
The titan waves its arms in wide circles.
The air twists around and violently strikes you in flight!
The orc priest invokes the aid of Beogh against you.
Beogh smites you!
* * * LOW HITPOINT WARNING * * *
The titan gestures at you while chanting.
The bolt of lightning hits the yaktaur.
The yaktaur dies!
The bolt of lightning hits the titan.
The titan completely resists.
The bolt of lightning hits the earth elemental.
The earth elemental completely resists.
The bolt of lightning hits the titan.
The titan completely resists.
The bolt of lightning hits you! You resist.
You die...

#.# ..# # #.#
#.#.. .#p#
#...Z# ##. .p#
#....# .p* #c#
#....# ..{# #@#
#....#c..#
#(CE#p...#*.#
#QeEC)p...p#
###Q*CC*pop####


..ppppcoC.C.... ...YQp*Hc.e.... .....popC)*.... ......p........ ###.....p..####
You could see an ironheart preserver, 4 titans, a sphinx, 3 vault wardens, 3
tengu reavers, 2 vault guards, an elephant shaped shifter, an orc knight, 2
ettins, 2 vault sentinels, a faun shaped shifter, 2 ironbrand convokers, 2 earth
elementals, 2 yaktaurs, a deep elf mage, a necromancer, a long sword of
protection, an orc priest and 3 battlespheres.

Vanquished Creatures
  Frederick (Vaults:4)
  5 caustic shrikes (Depths:4)
  6 golden dragons
  2 tentacled monstrosities
  Rupert (Orc:2)
  2 liches
  A deep elf blademaster (Depths:2)
  2 titans
  A deep elf master archer (Depths:2)
  A quicksilver dragon (Vaults:5)
  2 krakens
  Gastronok (Lair:1)
  A shadow dragon (Vaults:5)
  Frances (Snake:2)
  A tentacled starspawn (Depths:3)
  Kirke (Lair:6)
  Agnes (Snake:4)
  5 sphinxes
  2 storm dragons
  Donald (Orc:2)
  8 tengu reavers
  Ilsuiw (Shoals:4)
  A draconian monk (Depths:5)
  9 fire giants
  7 nagarajas
  9 frost giants
  An iron dragon (shapeshifter) (Depths:2)
  2 iron dragons (Depths:2)
  8 vault wardens
  A draconian knight (Depths:5)
  Louise (Depths:4)
  A deep elf sorcerer (Vaults:4)
  A ghost moth (Depths:2)
  Aizul (Snake:2)
  12 ironheart preservers
  20 very ugly things
  13 stone giants
  4 war gargoyles
  A ghoul (Vaults:2)
  2 spriggan defenders (Depths:4)
  4 vampire knights
  2 entropy weavers (Vaults:4)
  2 purple draconians (Depths:5)
  2 deep elf demonologists (Vaults:2)
  A red draconian (Depths:5)
  A black draconian (Depths:5)
  Azrael (D:13)
  2 spark wasps
  3 deep elf annihilators (Depths:2)
  A dire elephant (Lair:6)
  2 merfolk javelineers
  13 ettins
  A crystal guardian (Depths:2)
  6 merfolk impalers
  6 rakshasas
  2 fire dragons (shapeshifter) (Depths:2)
  10 fire dragons
  15 yaktaur captains
  7 ice dragons
  14 great orbs of eyes
  30 vault guards
  Erolcha (Orc:2)
  A catoblepas (D:15)
  An ice dragon (shapeshifter) (Depths:2)
  5 spriggan air magi
  4 hydras
  15 naga warriors
  3 juggernaut simulacra (Depths:2)
  12 centaur warriors
  3 death knights
  7 anacondas
  12 ogre magi
  11 merfolk aquamancers
  A satyr (Shoals:2)
  13 deep troll earth magi
  47 two-headed ogres
  A vampire mage (Depths:4)
  6 dancing weapons
  8 deep troll shamans
  2 death yaks (Lair:5)
  Urug (Lair:5)
  14 naga sharpshooters
  8 shock serpents
  2 thrashing horrors
  A tengu warrior (Depths:1)
  4 spriggan berserkers
  2 deep elf knights (Vaults:1)
  A shock serpent (shapeshifter) (Vaults:3)
  Nergalle (D:11)
  7 hell knights
  A fire crab (shapeshifter) (Depths:2)
  3 iron trolls
  3 salamander mystics
  6 shadow wraiths
  2 skeletal warriors
  A wretched star (Depths:3)
  A deep troll (shapeshifter) (Vaults:4)
  46 deep trolls
  3 large abominations
  2 unseen horrors
  3 flayed ghosts
  7 wizards
  10 sea snakes
  3 deep elf archers
  A glowing orange brain (Depths:4)
  4 phantasmal warriors
  A swamp dragon (shapeshifter) (Vaults:4)
  7 mana vipers
  3 necromancers
  9 orc knights
  5 naga ritualists
  13 ironbrand convokers
  Pikel (D:6)
  A shadow dragon zombie (Vaults:5)
  29 ugly things
  A mana viper (shapeshifter) (Depths:4)
  9 deep elf magi
  A fire giant zombie (Vaults:5)
  10 cyclopes
  22 harpies
  8 fauns
  3 orc sorcerers
  An oklob plant (Lair:4)
  13 salamanders
  5 wolf spiders
  13 manticores
  A worldbinder (Depths:3)
  20 slime creatures
  A cyclops (shapeshifter) (Depths:3)
  4 guardian serpents
  3 centaur zombies
  11 water nymphs
  8 vault sentinels
  13 merfolk sirens
  An orange demon (Abyss:2)
  18 naga magi
  A black mamba (shapeshifter) (Vaults:3)
  32 black mambas
  5 torpor snails
  15 spiny frogs
  A smoke demon (Abyss:2)
  4 gargoyles
  6 freezing wraiths
  74 yaktaurs
  A rime drake (Lair:6)
  A yaktaur (shapeshifter) (Vaults:3)
  A kobold demonologist (D:14)
  A komodo dragon (shapeshifter) (Vaults:1)
  4 komodo dragons
  2 tengu conjurers
  A queen bee (shapeshifter) (Depths:1)
  10 polar bears (Lair:6)
  42 merfolk
  3 meliai (D:14)
  Grinder (D:4)
  14 trolls
  13 wind drakes
  Prince Ribbit (D:5)
  2 raiju
  A stone giant simulacrum (Vaults:3)
  2 saltlings (Vaults:4)
  20 blink frogs
  13 hippogriffs
  12 hornets
  10 snapping turtles
  A dream sheep (Lair:5)
  3 spriggans
  A shadow (Abyss:2)
  2 redbacks (Lair:6)
  2 wraiths (Vaults:1)
  18 air elementals
  26 water elementals
  2 tarantellas (shapeshifter)
  14 wyverns
  5 fire elementals (D:13)
  46 yaks
  6 humans (Lair:5)
  2 golden eyes (shapeshifter)
  5 hogs (Lair:6)
  A basilisk (D:13)
  2 hungry ghosts (D:15)
  Edmund (D:6)
  3 vampire mosquitoes (D:12)
  A naga (shapeshifter) (Depths:2)
  10 wargs
  37 nagas
  A soldier ant (D:12)
  14 insubstantial wisps (Depths:4)
  4 acid dragons
  17 hell hounds
  23 water moccasins
  Duvessa (D:6)
  16 porcupines
  36 orc warriors
  3 phantoms
  3 eyes of draining
  2 sky beasts
  14 black bears
  3 slaves
  A necrophage (D:12)
  10 ice beasts
  42 ogres
  4 boggarts
  21 wolves
  The ghost of tof the Twirler, an amateur DsGl (D:3)
  13 centaurs
  17 crocodiles
  4 big kobolds
  13 bullfrogs
  2 human simulacra
  A gnoll sergeant (D:11)
  2 wyvern zombies
  A wyvern skeleton (D:14)
  A water moccasin skeleton (D:4)
  Dowan (D:6)
  5 scorpions
  An orc simulacrum (Vaults:1)
  4 howler monkeys
  8 wights
  6 electric eels
  4 small abominations (Abyss:2)
  2 crimson imps
  A quasit (D:11)
  4 jellies
  2 bullfrog skeletons
  9 orc priests
  2 bullfrog zombies
  A gnoll shaman (Orc:2)
  5 centaur skeletons
  5 hounds
  2 iron imps
  26 orc wizards
  Natasha (thrice) (D:2)
  An iguana (D:10)
  4 worker ants
  A worker ant zombie (D:8)
  8 gnolls
  A howler monkey skeleton (D:5)
  20 adders
  A gnoll (shapeshifter) (Depths:2)
  3 shadow imps
  An ooze (D:5)
  2 worms (D:2)
  5 leopard geckos
  82 orcs
  A ball python (D:2)
  7 bats
  4 giant cockroaches
  5 hobgoblins
  4 jackals (D:3)
  7 quokkas
  6 frilled lizards
  7 goblins (D:1)
  17 kobolds
  2 leopard gecko skeletons
  12 rats
  4 fungi
  A lurking horror (Depths:3)
  13 plants
  7 tentacles
1859 creatures vanquished.

Vanquished Creatures (collateral kills)
  Mennas (Vaults:3)
  Saint Roka (Orc:2)
  A lich (Depths:1)
  A nagaraja (Snake:4)
  A vault warden (Vaults:2)
  3 stone giants (Depths:1)
  An entropy weaver (Vaults:2)
  2 naga warriors (Snake:4)
  A rakshasa (Depths:1)
  3 hydras
  4 two-headed ogres (Orc:2)
  An ogre mage (Orc:2)
  A death yak (Lair:5)
  2 deep troll shamans
  2 naga sharpshooters (Snake:4)
  A deep troll earth mage (Depths:1)
  A tengu warrior (Depths:1)
  A shock serpent (Snake:4)
  2 naga ritualists (Snake:4)
  An orc knight (Vaults:3)
  2 oklob plants (Shoals:2)
  A cyclops (Orc:2)
  A manticore (D:14)
  A water nymph (Shoals:2)
  A naga mage (Snake:4)
  A merfolk siren (Shoals:2)
  3 trolls (Orc:2)
  3 blink frogs
  A water elemental (Depths:1)
  A basilisk (Lair:3)
  2 nagas
  2 water moccasins (Lair:3)
  3 orc warriors
  An ice beast (D:11)
  7 ogres (Orc:2)
  3 boggarts (Depths:1)
  An orc priest (Orc:2)
  An orc wizard (Vaults:3)
  4 gnolls (Orc:2)
  An orc (Orc:2)
  A fungus (Lair:6)
  2 plants (Shoals:2)
74 creatures vanquished.

Vanquished Creatures (others)
  A war gargoyle (Vaults:5)
  2 yaktaurs
  A human (Lair:5)
  A slave (D:6)
  An adder zombie (D:6)
  15 ball lightnings (Depths:4)
  An orc (Vaults:5)
  29 fungi
  29 plants
  13 tentacles
93 creatures vanquished.

Grand Total: 2026 creatures vanquished

Notes
Turn   | Place    | Note
-------+----------+-------------------------------------------
     0 | D:1      | zero the Gargoyle Berserker began the quest for the Orb.
     0 | D:1      | Reached XP level 1. HP: 14/14 MP: 1/1
     0 | D:1      | 0 ||| counter = 68
    74 | D:1      | Upgraded the game from 0.21-a0-460-g737a915 to 0.21-a0-471-gd587bd5
   236 | D:1      | Reached XP level 2. HP: 17/19 MP: 2/2
   533 | D:1      | Reached ** piety under Trog
   552 | D:1      | Reached XP level 3. HP: 19/23 MP: 3/3
   827 | D:1      | 827 ||| DROPPING club.
  1020 | D:1      | 1020 ||| UPGRADING to chain mail.
  1030 | D:1      | 1030 ||| DROPPING +0 animal skin.
  1031 | D:1      | 1031 ||| UPGRADING to cloak.
  1036 | D:1      | 1036 ||| READING scroll labeled BIOXIR EXTOH.
  1037 | D:1      | 1037 ||| READING scroll labeled JAENKY HUFUWN.
  1038 | D:1      | 1038 ||| READING scroll labeled RALLEGHODEERI.
  1039 | D:1      | 1039 ||| READING scroll labeled APPY LOSOEXABAURPH.
  1040 | D:1      | 1040 ||| DRINKING 2 bubbling white potions.
  1100 | D:2      | Noticed Natasha
  1105 | D:2      | 1105 ||| INVOKING Berserk.
  1110 | D:2      | Killed Natasha
  1110 | D:2      | Reached XP level 4. HP: 28/28 MP: 4/4
  1309 | D:2      | 1309 ||| UPGRADING to whip.
  1310 | D:2      | 1310 ||| SWAPPING to +0 hand axe.
  1335 | D:2      | 1335 ||| UPGRADING to glowing mace.
  1336 | D:2      | 1336 ||| SWAPPING to +0 hand axe.
  1337 | D:2      | 1337 ||| DROPPING +0 whip.
  1338 | D:2      | Found a runed door.
  1368 | D:2      | Noticed Natasha
  1394 | D:2      | 1394 ||| INVOKING Berserk.
  1398 | D:2      | Killed Natasha
  1435 | D:2      | 1435 ||| EATING 2 bread rations.
  1662 | D:2      | 1662 ||| STAIRDANCE
  1703 | D:1      | 1703 ||| READING scroll labeled YMIUNI QOLLOGE.
  1708 | D:1      | 1708 ||| READING scroll labeled FUIDEI JUFU.
  1709 | D:1      | 1709 ||| READING scroll labeled CEULAO PIORCHERCHO.
  1943 | D:2      | Noticed a sky beast
  2027 | D:2      | 2027 ||| STAIRDANCE
  2035 | D:1      | HP: 6/28 [sky beast (2)]
  2036 | D:1      | 2036 ||| INVOKING Berserk.
  2046 | D:1      | Killed a sky beast
  2046 | D:1      | Reached skill level 5 in Axes
  2046 | D:1      | Reached XP level 5. HP: 7/32 MP: 5/5
  2301 | D:1      | 2301 ||| EATING bread ration.
  2302 | D:1      | 2302 ||| UPGRADING to moonstone ring.
  2303 | D:1      | 2303 ||| UPGRADING to ring of evasion.
  2341 | D:2      | Noticed Natasha
  2359 | D:2      | Killed Natasha
  2453 | D:2      | 2453 ||| INVOKING Burn Spellbooks.
  2469 | D:2      | Found a radiant altar of Vehumet.
  2469 | D:2      | Found an ancient bone altar of Kikubaaqudgha.
  2470 | D:2      | Found a deep blue altar of Sif Muna.
  2479 | D:2      | Reached XP level 6. HP: 38/38 MP: 6/6
  2584 | D:2      | 2584 ||| READING scroll labeled OGACOE NUSOV.
  2879 | D:3      | Noticed tof's ghost (amateur DsGl)
  2884 | D:3      | 2884 ||| INVOKING Berserk.
  2907 | D:3      | Killed tof's ghost
  3131 | D:3      | 3131 ||| SWAPPING to war axe.
  3132 | D:3      | 3132 ||| DROPPING hand axe of electrocution.
  3133 | D:3      | 3133 ||| DROPPING +1 hand axe.
  3251 | D:3      | Reached *** piety under Trog
  3402 | D:3      | 3402 ||| UPGRADING to runed ring mail.
  3412 | D:3      | 3412 ||| UPGRADING to +0 chain mail.
  3422 | D:3      | 3422 ||| DROPPING +1 ring mail of poison resistance.
  3423 | D:3      | 3423 ||| UPGRADING to ivory ring.
  3425 | D:3      | 3425 ||| REMOVING ring of stealth.
  3426 | D:3      | 3426 ||| DROPPING ring of stealth.
  3427 | D:3      | 3427 ||| UPGRADING to +2 ring of evasion.
  3428 | D:3      | 3428 ||| READING scroll labeled ZYS PUESOXTOBB.
  3429 | D:3      | 3429 ||| DRINKING 2 coppery potions.
  3430 | D:3      | 3430 ||| DROPPING potion of degeneration.
  3501 | D:4      | Noticed Grinder
  3502 | D:4      | 3502 ||| INVOKING Trog's Hand.
  3507 | D:4      | 3507 ||| INVOKING Berserk.
  3513 | D:4      | Killed Grinder
  3513 | D:4      | Reached skill level 5 in Armour
  3513 | D:4      | Reached XP level 7. HP: 43/43 MP: 7/7
  3623 | D:4      | 3623 ||| EATING royal jelly.
  3707 | D:4      | 3707 ||| READING scroll of enchant weapon.
  3707 | D:4      | 3707 ||| ENCHANTING +0 war axe.
  3805 | D:4      | 3805 ||| INVOKING Berserk.
  4023 | D:4      | 4023 ||| DROPPING +1 mace of protection.
  4024 | D:4      | 4024 ||| UPGRADING to flail.
  4025 | D:4      | 4025 ||| SWAPPING to +1 war axe.
  4026 | D:4      | 4026 ||| READING scroll of enchant weapon.
  4026 | D:4      | 4026 ||| ENCHANTING +1 war axe.
  4495 | D:4      | 4495 ||| DRINKING 2 metallic pink potions.
  4496 | D:4      | 4496 ||| DRINKING 3 black potions.
  4497 | D:4      | 4497 ||| READING 2 scrolls of identify.
  4497 | D:4      | 4497 ||| IDENTIFYING amethyst potion
  4498 | D:4      | 4498 ||| DROPPING potion of flight.
  4513 | D:5      | Entered Level 5 of the Dungeon
  4579 | D:5      | Reached XP level 8. HP: 48/48 MP: 8/8
  4681 | D:5      | 4681 ||| INVOKING Berserk.
  4683 | D:5      | Reached skill level 5 in Fighting
  4863 | D:5      | 4863 ||| INVOKING Berserk.
  4865 | D:5      | 4865 ||| EATING 2 royal jellies.
  5141 | D:5      | Noticed Prince Ribbit
  5143 | D:5      | 5143 ||| INVOKING Berserk.
  5150 | D:5      | Killed Prince Ribbit
  5150 | D:5      | Received a gift from Trog
  5654 | D:5      | 5654 ||| UPGRADING to triangular blue amulet.
  5655 | D:5      | 5655 ||| DRINKING 2 cyan potions.
  5656 | D:5      | 5656 ||| READING 2 scrolls of identify.
  5656 | D:5      | 5656 ||| IDENTIFYING viscous inky potion
  5699 | D:6      | 5699 ||| INVOKING Berserk.
  5829 | D:6      | 5829 ||| INVOKING Berserk.
  5895 | D:6      | Found a white marble altar of Elyvilon.
  5896 | D:6      | Found a glowing silver altar of Zin.
  5896 | D:6      | Found an iron altar of Okawaru.
  5896 | D:6      | Found a shattered altar of Ashenzari.
  5903 | D:6      | Found an ornate altar of the Wu Jian Council.
  5903 | D:6      | Found a snail-covered altar of Cheibriados.
  6046 | D:6      | 6046 ||| STAIRDANCE
  6110 | D:5      | 6110 ||| READING scroll labeled SUOZELOLOA.
  6111 | D:5      | 6111 ||| READING 2 scrolls of identify.
  6111 | D:5      | 6111 ||| IDENTIFYING smoky orange potion
  6112 | D:5      | 6112 ||| DROPPING potion of berserk rage.
  6145 | D:6      | 6145 ||| STAIRDANCE
  6254 | D:6      | Noticed Pikel
  6263 | D:6      | 6263 ||| INVOKING Berserk.
  6276 | D:6      | Killed Pikel
  6276 | D:6      | Reached XP level 9. HP: 55/55 MP: 7/9
  6536 | D:6      | Noticed Edmund
  6569 | D:6      | Killed Edmund
  6601 | D:6      | Found a staircase to the Ecumenical Temple.
  6609 | Temple   | Entered the Ecumenical Temple
  6610 | Temple   | 6610 ||| Entered T.
  6801 | Temple   | 6801 ||| UPGRADING to runed jade amulet.
  6803 | Temple   | 6803 ||| REMOVING amulet of harm.
  6873 | Temple   | 6873 ||| UPGRADING to amulet of guardian spirit.
  6882 | Temple   | 6882 ||| DROPPING amulet of harm.
  7002 | D:6      | Noticed Dowan
  7003 | D:6      | Noticed Duvessa
  7011 | D:6      | 7011 ||| EATING royal jelly.
  7053 | D:6      | 7053 ||| INVOKING Berserk.
  7055 | D:6      | Killed Dowan
  7056 | D:6      | HP: 20/85 [Duvessa/short sword of distortion (3)]
  7060 | D:6      | HP: 5/85 [Duvessa/short sword of distortion (15)]
  7327 | D:6      | 7327 ||| EATING 2 fruits.
  7349 | D:6      | Killed Duvessa
  7491 | D:7      | 7491 ||| Stepping ~*~*~tactically~*~*~ (water).
  7492 | D:7      | 7492 ||| INVOKING Berserk.
  7499 | D:7      | 7499 ||| EATING fruit.
  7561 | D:7      | 7561 ||| INVOKING Berserk.
  7572 | D:7      | 7572 ||| EATING 3 bread rations.
  7745 | D:7      | 7745 ||| INVOKING Berserk.
  7750 | D:7      | Reached skill level 10 in Axes
  7858 | D:7      | Found a stormy altar of Qazlal.
  7863 | D:7      | Found a blossoming altar of Fedhas.
  8189 | D:7      | Reached **** piety under Trog
  8283 | D:7      | 8283 ||| READING scroll of enchant armour.
  8283 | D:7      | 8283 ||| ENCHANTING +0 cloak.
  8314 | D:7      | 8314 ||| READING scroll of enchant armour.
  8314 | D:7      | 8314 ||| ENCHANTING +1 cloak.
  8474 | D:7      | 8474 ||| INVOKING Berserk.
  8710 | D:7      | 8710 ||| UPGRADING to marble ring.
  8712 | D:7      | 8712 ||| UPGRADING to +2 ring of evasion.
  8714 | D:7      | 8714 ||| READING scroll labeled LOEPYI PAORUFI.
  8714 | D:7      | Identified a scroll of acquirement
  8716 | D:7      | 8716 ||| UPGRADING to runed hat.
  8721 | D:7      | 8721 ||| READING scroll labeled KONUWIRHUE.
  8722 | D:7      | 8722 ||| READING scroll labeled CEHEGI PEELAXT.
  8723 | D:7      | 8723 ||| DRINKING 2 blue potions.
  8724 | D:7      | 8724 ||| DROPPING potion of magic.
  8841 | D:8      | Reached XP level 10. HP: 60/66 MP: 8/10
  8947 | D:8      | Got a translucent hat
  9048 | D:8      | Got a warped buckler
  9089 | D:8      | Found a bloodstained altar of Trog.
  9093 | D:8      | Found an opulent altar of Gozag.
  9200 | D:8      | Found Hudiw's Antique Armour Shop.
  9203 | D:8      | Noticed a two-headed ogre
  9204 | D:8      | 9204 ||| INVOKING Berserk.
  9213 | D:8      | Killed a two-headed ogre
  9214 | D:8      | 9214 ||| EATING 4 fruits.
  9337 | D:8      | 9337 ||| EATING 3 fruits.
  9340 | D:8      | 9340 ||| SHOPLISTING encrusted plate armour (812 gold, have 470).
  9340 | D:8      | Bought a helmet for 130 gold pieces
  9702 | D:8      | 9702 ||| UPGRADING to large shield.
  9707 | D:8      | 9707 ||| UPGRADING to translucent hat.
  9717 | D:8      | Identified the cursed +0 hat of Limited Liability {Str+3} (You found it on level 8 of the Dungeon)
  9717 | D:8      | 9717 ||| DROPPING +1 hat.
  9718 | D:8      | 9718 ||| UPGRADING to plate armour.
  9728 | D:8      | 9728 ||| DROPPING +0 chain mail.
  9729 | D:8      | 9729 ||| DROPPING warped buckler.
  9730 | D:8      | 9730 ||| READING 5 scrolls of remove curse.
  9731 | D:8      | 9731 ||| UPGRADING to helmet.
  9741 | D:8      | 9741 ||| DROPPING +0 hat of Limited Liability {Str+3}.
  9742 | D:8      | 9742 ||| UPGRADING to shiny ivory ring.
  9744 | D:8      | 9744 ||| REMOVING ring of wizardry.
  9745 | D:8      | 9745 ||| UPGRADING to ring of resist corrosion.
  9746 | D:8      | 9746 ||| UPGRADING to +2 ring of evasion.
  9748 | D:8      | 9748 ||| DROPPING ring of wizardry.
  9749 | D:8      | 9749 ||| READING 3 scrolls of identify.
  9749 | D:8      | 9749 ||| IDENTIFYING clear potion
  9750 | D:8      | 9750 ||| READING 2 scrolls of identify.
  9750 | D:8      | 9750 ||| IDENTIFYING metallic ruby potion
  9751 | D:8      | 9751 ||| DROPPING potion of invisibility.
  9752 | D:8      | 9752 ||| DROPPING potion of lignification.
  9797 | D:9      | Reached skill level 1 in Shields
  9827 | D:9      | Noticed a two-headed ogre
  9832 | D:9      | 9832 ||| INVOKING Berserk.
  9836 | D:9      | Killed a two-headed ogre
  9837 | D:9      | 9837 ||| EATING 4 fruits.
  9957 | D:9      | 9957 ||| EATING 3 fruits.
 10015 | D:9      | Found Onteur's Assorted Antiques.
 10018 | D:9      | Bought a potion of curing for 99 gold pieces
 10018 | D:9      | Bought a yellow potion for 29 gold pieces
 10018 | D:9      | Bought 2 bubbling cyan potions for 59 gold pieces
 10018 | D:9      | Bought a scroll labeled ENIFUBBEROD for 33 gold pieces
 10018 | D:9      | 10018 ||| SHOPLISTING potion of haste (330 gold, have 144).
 10018 | D:9      | Bought a fluorescent wand for 132 gold pieces
 10018 | D:9      | 10018 ||| SHOPLISTING shiny helmet (247 gold, have 12).
 10081 | D:9      | Reached skill level 5 in Shields
 10190 | D:9      | 10190 ||| INVOKING Berserk.
 10209 | D:9      | 10209 ||| EATING 2 fruits.
 10294 | D:9      | 10294 ||| EATING fruit.
 10563 | D:9      | 10563 ||| EATING royal jelly.
 10672 | D:9      | 10672 ||| UPGRADING to agate ring.
 10674 | D:9      | 10674 ||| READING 5 scrolls of remove curse.
 10675 | D:9      | 10675 ||| REMOVING ring of teleportation.
 10676 | D:9      | 10676 ||| UPGRADING to ring of resist corrosion.
 10677 | D:9      | 10677 ||| UPGRADING to +2 ring of evasion.
 10679 | D:9      | 10679 ||| DROPPING ring of teleportation.
 10680 | D:9      | 10680 ||| READING scroll labeled AKUIDARILA.
 10681 | D:9      | 10681 ||| READING scroll labeled ENIFUBBEROD.
 10682 | D:9      | 10682 ||| DRINKING 3 yellow potions.
 10682 | D:9      | Gained mutation: Your spells are a little easier to cast, but a little less powerful. [potion of mutation]
 10682 | D:9      | Gained mutation: Your movements are slightly less encumbered by armour. (ER -2) [potion of mutation]
 10682 | D:9      | Gained mutation: Your flesh is heat resistant. (rF+) [potion of mutation]
 10682 | D:9      | Lost mutation: Your spells are a little easier to cast, but a little less powerful. [potion of mutation]
 10683 | D:9      | 10683 ||| DRINKING 2 bubbling cyan potions.
 10684 | D:9      | 10684 ||| DRINKING 2 inky potions.
 10685 | D:9      | 10685 ||| DRINKING 2 murky orange potions.
 10739 | D:9      | 10739 ||| DROPPING potion of agility.
 10740 | D:9      | 10740 ||| DROPPING potion of brilliance.
 10741 | D:9      | 10741 ||| DROPPING wand of paralysis (12).
 10742 | D:9      | 10742 ||| DROPPING potion of ambrosia.
 10766 | D:10     | Entered Level 10 of the Dungeon
 11004 | D:10     | Found a staircase to the Lair.
 11099 | D:10     | 11099 ||| INVOKING Berserk.
 11103 | D:10     | Reached XP level 11. HP: 71/71 MP: 9/11
 11376 | D:10     | You fall through a shaft for 3 floors!
 11377 | D:13     | 11377 ||| Shafted from D:10 to D:13.
 11479 | D:13     | Noticed Azrael
 11484 | D:13     | 11484 ||| INVOKING Berserk.
 11495 | D:13     | Killed Azrael
 11495 | D:13     | Reached ***** piety under Trog
 11498 | D:13     | Noticed a centaur warrior
 11503 | D:13     | 11503 ||| READING 3 scrolls of teleportation.
 11507 | D:13     | 11507 ||| INVOKING Burn Spellbooks.
 11529 | D:13     | Killed a centaur warrior
 11678 | D:13     | 11678 ||| EATING 8 bread rations.
 11738 | D:13     | Noticed a cyclops
 11809 | D:13     | 11809 ||| INVOKING Berserk.
 11813 | D:13     | Killed a cyclops
 12173 | D:12     | 12173 ||| INVOKING Berserk.
 12176 | D:12     | Noticed a deep elf mage
 12201 | D:12     | 12201 ||| READING 2 scrolls of teleportation.
 12203 | D:12     | Killed a deep elf mage
 12203 | D:12     | Reached XP level 12. HP: 33/76 MP: 5/12
 12394 | D:12     | 12394 ||| READING scroll of acquirement.
 12580 | D:11     | Noticed Nergalle
 12583 | D:11     | Noticed a two-headed ogre
 12593 | D:11     | 12593 ||| INVOKING Berserk.
 12596 | D:11     | HP: 24/115 [two-headed ogre/giant spiked club (17)]
 12597 | D:11     | Reached skill level 10 in Fighting
 12599 | D:11     | Killed Nergalle
 12600 | D:11     | Killed a two-headed ogre
 12603 | D:11     | Reached skill level 10 in Shields
 12615 | D:11     | 12615 ||| READING scroll of teleportation.
 12624 | D:11     | 12624 ||| INVOKING Brothers in Arms.
 12656 | D:11     | 12656 ||| STAIRDANCE
 12658 | D:10     | 12658 ||| Successfully unshafted to D:10.
 12987 | D:10     | Noticed a two-headed ogre
 13018 | D:10     | Killed a two-headed ogre
 13057 | D:10     | 13057 ||| INVOKING Burn Spellbooks.
 13294 | D:10     | 13294 ||| UPGRADING to pair of glowing gloves.
 13335 | Lair:1   | Entered Level 1 of the Lair of Beasts
 13336 | Lair:1   | 13336 ||| Entered L.
 13479 | Lair:1   | 13479 ||| READING scroll of enchant armour.
 13479 | Lair:1   | 13479 ||| ENCHANTING +0 helmet.
 13486 | Lair:1   | Noticed Gastronok
 13517 | Lair:1   | Killed Gastronok
 13517 | Lair:1   | Reached skill level 10 in Armour
 13591 | Lair:1   | 13591 ||| EATING 3 fruits.
 13866 | Lair:1   | 13866 ||| EATING 2 fruits.
 14032 | Lair:1   | 14032 ||| UPGRADING to runed bronze ring.
 14034 | Lair:1   | 14034 ||| DROPPING +2 ring of evasion.
 14133 | Lair:2   | 14133 ||| EATING fruit.
 14353 | Lair:2   | Reached XP level 13. HP: 82/82 MP: 13/13
 14356 | Lair:2   | Received a gift from Trog
 14363 | Lair:2   | 14363 ||| SWAPPING to runed war axe {god gift}.
 14364 | Lair:2   | 14364 ||| DROPPING +2 war axe of freezing.
 14710 | Lair:2   | 14710 ||| UPGRADING to pair of glowing boots.
 14715 | Lair:2   | 14715 ||| READING 3 scrolls labeled ZAMUIL WOI.
 14816 | Lair:2   | 14816 ||| DROPPING 2 scrolls of silence.
 14865 | Lair:3   | 14865 ||| INVOKING Berserk.
 14991 | Lair:3   | 14991 ||| EATING 2 meat rations.
 15197 | Lair:3   | 15197 ||| STAIRDANCE
 15236 | Lair:2   | 15236 ||| READING scroll labeled ZELLIU FUOLUUGA.
 15543 | Lair:3   | 15543 ||| INVOKING Brothers in Arms.
 15681 | Lair:3   | Found a staircase to the Snake Pit.
 15834 | Lair:3   | 15834 ||| INVOKING Brothers in Arms.
 15836 | Lair:3   | 15836 ||| SWAPPING to +0 flail.
 15837 | Lair:3   | 15837 ||| INVOKING Berserk.
 15847 | Lair:3   | 15847 ||| SWAPPING to +2 antimagic war axe.
 16406 | Lair:3   | 16406 ||| INVOKING Brothers in Arms.
 16605 | Lair:4   | 16605 ||| INVOKING Brothers in Arms.
 16612 | Lair:4   | 16612 ||| INVOKING Berserk.
 16853 | Lair:4   | Found a staircase to the Shoals.
 16959 | Lair:4   | Found a frozen archway.
 17071 | Lair:4   | Got a fine flail
 17072 | Lair:4   | 17072 ||| UPGRADING to fine flail.
 17072 | Lair:4   | Identified the +8 flail of the Tomato {freeze, MP+9} (You found it on level 4 of the Lair of Beasts)
 17073 | Lair:4   | 17073 ||| SWAPPING to +2 antimagic war axe.
 17074 | Lair:4   | 17074 ||| DROPPING +0 flail.
 17481 | Lair:5   | 17481 ||| EATING 5 fruits.
 17705 | Lair:5   | 17705 ||| INVOKING Brothers in Arms.
 17791 | Lair:5   | 17791 ||| INVOKING Brothers in Arms.
 17844 | Lair:5   | Received a gift from Trog
 17852 | Lair:5   | Gained mutation: Your large and strong wings let you fly indefinitely. [Gargoyle growth]
 17852 | Lair:5   | Reached XP level 14. HP: 87/90 MP: 4/14
 17909 | Lair:5   | 17909 ||| INVOKING Fly.
 17909 | Lair:5   | 17909 ||| FLYING.
 17967 | Lair:5   | 17967 ||| INVOKING Brothers in Arms.
 17971 | Lair:5   | 17971 ||| SWAPPING to +8 flail of the Tomato {freeze, MP+9}.
 17972 | Lair:5   | 17972 ||| INVOKING Berserk.
 17980 | Lair:5   | 17980 ||| SWAPPING to +2 antimagic war axe.
 18169 | Lair:5   | 18169 ||| INVOKING Brothers in Arms.
 18171 | Lair:5   | 18171 ||| SWAPPING to +8 flail of the Tomato {freeze, MP+9}.
 18173 | Lair:5   | 18173 ||| INVOKING Berserk.
 18179 | Lair:5   | 18179 ||| SWAPPING to +2 antimagic war axe.
 18281 | Lair:5   | 18281 ||| EATING 4 fruits.
 18333 | Lair:5   | 18333 ||| READING 2 scrolls of enchant weapon.
 18333 | Lair:5   | 18333 ||| ENCHANTING +2 antimagic war axe.
 18334 | Lair:5   | 18334 ||| READING scroll of enchant weapon.
 18334 | Lair:5   | 18334 ||| ENCHANTING +3 antimagic war axe.
 18346 | Lair:5   | Reached skill level 15 in Axes
 18361 | Lair:5   | Noticed Urug
 18388 | Lair:5   | Killed Urug
 18420 | Lair:5   | Found a viscous altar of Jiyva.
 18423 | Lair:5   | Found a staircase to the Slime Pits.
 18487 | Lair:5   | 18487 ||| INVOKING Brothers in Arms.
 18490 | Lair:5   | 18490 ||| INVOKING Berserk.
 18499 | Lair:5   | 18499 ||| SWAPPING to +8 flail of the Tomato {freeze, MP+9}.
 18501 | Lair:5   | 18501 ||| SWAPPING to +4 antimagic war axe.
 18805 | Lair:5   | 18805 ||| READING scroll labeled WUN REMUAMAWK.
 18875 | Lair:5   | 18875 ||| READING scroll labeled GYPPAN NOIGE.
 18876 | Lair:5   | 18876 ||| READING 2 scrolls of teleportation.
 18890 | Lair:6   | Entered Level 6 of the Lair of Beasts
 18912 | Lair:6   | 18912 ||| INVOKING Berserk.
 19290 | Lair:6   | 19290 ||| INVOKING Burn Spellbooks.
 19453 | Lair:6   | Noticed Kirke
 19456 | Lair:6   | 19456 ||| INVOKING Trog's Hand.
 19478 | Lair:6   | Killed Kirke
 19505 | Lair:6   | 19505 ||| INVOKING Brothers in Arms.
 19506 | Lair:6   | 19506 ||| SWAPPING to +8 flail of the Tomato {freeze, MP+9}.
 19507 | Lair:6   | 19507 ||| INVOKING Brothers in Arms.
 19508 | Lair:6   | 19508 ||| INVOKING Berserk.
 19514 | Lair:6   | 19514 ||| SWAPPING to +4 antimagic war axe.
 20386 | Lair:6   | 20386 ||| INVOKING Berserk.
 20495 | Lair:6   | 20495 ||| INVOKING Berserk.
 20675 | Lair:6   | 20675 ||| INVOKING Berserk.
 20773 | Lair:6   | 20773 ||| INVOKING Berserk.
 20811 | Lair:6   | 20811 ||| EATING 3 fruits.
 20854 | Lair:6   | Noticed a dire elephant
 20859 | Lair:6   | 20859 ||| INVOKING Berserk.
 20873 | Lair:6   | Killed a dire elephant
 20873 | Lair:6   | Reached XP level 15. HP: 96/96 MP: 5/15
 20874 | Lair:6   | 20874 ||| EATING 2 fruits.
 20941 | Lair:6   | 20941 ||| INVOKING Berserk.
 21123 | Lair:6   | Got a smoking graven amulet
 21780 | Lair:6   | 21780 ||| UPGRADING to smoking graven amulet.
 21781 | Lair:6   | Identified the amulet "Raawish" {rElec Regen+} (You found it on level 6 of the Lair of Beasts)
 21782 | Lair:6   | 21782 ||| UPGRADING to amulet of guardian spirit.
 21784 | Lair:6   | 21784 ||| DROPPING wand of disintegration (7).
 21829 | Lair:5   | 21829 ||| EATING fruit.
 22104 | D:11     | Got a crude lapis lazuli ring
 22114 | D:11     | Found Bixkui's Antique Armour Shop.
 22119 | D:11     | 22119 ||| SHOPLISTING shiny plate armour (832 gold, have 636).
 22391 | D:11     | 22391 ||| UPGRADING to crude lapis lazuli ring.
 22392 | D:11     | Identified the ring of Jiddefu {rElec rN+ EV+2} (You found it on level 11 of the Dungeon)
 22393 | D:11     | 22393 ||| DROPPING +2 ring of evasion.
 22737 | D:12     | Received a gift from Trog
 22792 | D:12     | 22792 ||| SWAPPING to glowing broad axe {god gift}.
 22793 | D:12     | 22793 ||| DROPPING +4 antimagic war axe.
 22908 | D:12     | Found a staircase to the Orcish Mines.
 22935 | D:12     | Found a roughly hewn altar of Beogh.
 23239 | D:12     | 23239 ||| READING scroll of enchant weapon.
 23239 | D:12     | 23239 ||| ENCHANTING +3 antimagic broad axe.
 23410 | D:13     | 23410 ||| READING scroll of enchant armour.
 23410 | D:13     | 23410 ||| ENCHANTING +1 helmet.
 23445 | D:13     | Found Cisuixt's Serpentskin Sales.
 23747 | D:13     | Found a gate to the Vaults.
 24099 | D:14     | 24099 ||| INVOKING Trog's Hand.
 24124 | D:14     | 24124 ||| INVOKING Brothers in Arms.
 24130 | D:14     | 24130 ||| INVOKING Berserk.
 24227 | D:14     | 24227 ||| EATING 6 royal jellies.
 24331 | D:14     | 24331 ||| INVOKING Berserk.
 24440 | D:14     | 24440 ||| EATING 6 royal jellies.
 24671 | D:14     | 24671 ||| INVOKING Brothers in Arms.
 24672 | D:14     | 24672 ||| SWAPPING to +8 flail of the Tomato {freeze, MP+9}.
 24673 | D:14     | 24673 ||| INVOKING Berserk.
 24684 | D:14     | 24684 ||| SWAPPING to +4 antimagic broad axe.
 24758 | D:14     | 24758 ||| INVOKING Brothers in Arms.
 24761 | D:14     | 24761 ||| INVOKING Brothers in Arms.
 24762 | D:14     | 24762 ||| SWAPPING to +8 flail of the Tomato {freeze, MP+9}.
 24763 | D:14     | 24763 ||| INVOKING Berserk.
 24772 | D:14     | 24772 ||| SWAPPING to +4 antimagic broad axe.
 24788 | D:14     | 24788 ||| READING 4 scrolls of teleportation.
 24826 | D:14     | 24826 ||| EATING 5 royal jellies.
 25287 | D:14     | 25287 ||| EATING 4 royal jellies.
 25688 | D:15     | Entered Level 15 of the Dungeon
 25689 | D:15     | 25689 ||| INVOKING Trog's Hand.
 25719 | D:15     | Found a flickering gateway to a bazaar.
 25720 | D:15     | 25720 ||| Found Bazaar.
 25743 | Bazaar   | Entered a bazaar
 25744 | Bazaar   | 25744 ||| Entered Bazaar.
 25756 | Bazaar   | Found Woosomp's Weapon Emporium.
 25756 | Bazaar   | Found Hopemp's Armour Emporium.
 25792 | Bazaar   | Found Zylacw's Antique Armour Shoppe.
 25792 | Bazaar   | Found Kaben's Assorted Antiques.
 25798 | Bazaar   | Bought a pair of runed gloves for 127 gold pieces
 25810 | Bazaar   | Bought a scroll of enchant weapon for 217 gold pieces
 25810 | Bazaar   | Bought a faintly glowing chain mail for 275 gold pieces
 25810 | Bazaar   | Bought a dented zirconium amulet for 145 gold pieces
 25810 | Bazaar   | 25810 ||| READING scroll of enchant weapon.
 25810 | Bazaar   | 25810 ||| ENCHANTING +4 antimagic broad axe.
 25811 | Bazaar   | 25811 ||| UPGRADING to pair of runed gloves.
 25821 | Bazaar   | 25821 ||| UPGRADING to +2 pair of gloves of strength.
 25831 | Bazaar   | 25831 ||| DROPPING +0 pair of gloves of dexterity.
 25832 | Bazaar   | 25832 ||| UPGRADING to faintly glowing chain mail.
 25842 | Bazaar   | Identified the +6 chain mail "Tud Wias" {rElec} (You bought it in a shop in a bazaar)
 25842 | Bazaar   | 25842 ||| DROPPING +0 plate armour.
 25843 | Bazaar   | 25843 ||| UPGRADING to dented zirconium amulet.
 25845 | Bazaar   | 25845 ||| READING 11 scrolls of remove curse.
 25846 | Bazaar   | 25846 ||| REMOVING amulet of inaccuracy.
 25847 | Bazaar   | 25847 ||| UPGRADING to amulet of guardian spirit.
 25848 | Bazaar   | 25848 ||| DROPPING amulet of inaccuracy.
 25915 | D:15     | 25915 ||| INVOKING Burn Spellbooks.
 25930 | D:15     | 25930 ||| INVOKING Berserk.
 26051 | D:15     | 26051 ||| EATING 3 royal jellies.
 26292 | D:15     | Received a gift from Trog
 26409 | D:15     | Found Geneiqe's General Store.
 26418 | D:15     | Bought a potion of curing for 54 gold pieces
 26587 | D:15     | 26587 ||| INVOKING Trog's Hand.
 26596 | D:15     | 26596 ||| INVOKING Berserk.
 26729 | D:15     | Found a staircase to the Depths.
 26731 | D:15     | 26731 ||| INVOKING Trog's Hand.
 26737 | D:15     | 26737 ||| INVOKING Berserk.
 27241 | D:15     | 27241 ||| EATING 3 royal jellies.
 27270 | D:15     | 27270 ||| UPGRADING to morningstar.
 27271 | D:15     | 27271 ||| SWAPPING to +5 antimagic broad axe.
 27272 | D:15     | 27272 ||| DROPPING +8 flail of the Tomato {freeze, MP+9}.
 27278 | D:15     | 27278 ||| READING scroll of enchant weapon.
 27278 | D:15     | 27278 ||| ENCHANTING +5 antimagic broad axe.
 27574 | D:15     | 27574 ||| EATING 2 royal jellies.
 27841 | Orc:1    | Entered Level 1 of the Orcish Mines
 27842 | Orc:1    | 27842 ||| Entered O.
 27882 | Orc:1    | 27882 ||| INVOKING Berserk.
 27884 | Orc:1    | Reached XP level 16. HP: 75/104 MP: 4/16
 28023 | Orc:1    | 28023 ||| EATING royal jelly.
 28432 | Orc:2    | Entered Level 2 of the Orcish Mines
 28614 | Orc:2    | Found a staircase to the Elven Halls.
 28655 | Orc:2    | Received a gift from Trog
 28904 | Orc:2    | Noticed Donald
 28907 | Orc:2    | 28907 ||| INVOKING Berserk.
 28923 | Orc:2    | Killed Donald
 29153 | Orc:2    | Noticed Saint Roka
 29172 | Orc:2    | 29172 ||| INVOKING Trog's Hand.
 29175 | Orc:2    | 29175 ||| INVOKING Berserk.
 29191 | Orc:2    | 29191 ||| INVOKING Brothers in Arms.
 29200 | Orc:2    | Killed Saint Roka
 29207 | Orc:2    | 29207 ||| INVOKING Trog's Hand.
 29219 | Orc:2    | Found Haehew's Jewellery Boutique.
 29221 | Orc:2    | Found Xicwor's Gadget Shop.
 29266 | Orc:2    | 29266 ||| STAIRDANCE
 29278 | Orc:1    | 29278 ||| STAIRDANCE
 29404 | Orc:2    | 29404 ||| INVOKING Berserk.
 29413 | Orc:2    | 29413 ||| STAIRDANCE
 29526 | Orc:2    | 29526 ||| STAIRDANCE
 29542 | Orc:2    | 29542 ||| STAIRDANCE
 29646 | Orc:1    | 29646 ||| Invisible monster not found???
 29646 | Orc:1    | 29646 ||| EATING fruit.
 29651 | Orc:2    | 29651 ||| STAIRDANCE
 29755 | Orc:1    | 29755 ||| Invisible monster not found???
 29812 | Orc:2    | 29812 ||| EATING 11 bread rations.
 30013 | Orc:2    | Received a gift from Trog
 30069 | Orc:2    | Noticed Rupert
 30070 | Orc:2    | 30070 ||| INVOKING Trog's Hand.
 30073 | Orc:2    | 30073 ||| INVOKING Berserk.
 30085 | Orc:2    | Killed Rupert
 30250 | Orc:2    | Found Obriblig's Distillery.
 30252 | Orc:2    | Bought an uncursed ring of ice for 400 gold pieces
 30252 | Orc:2    | Bought an uncursed ring of resist corrosion for 320 gold pieces
 30252 | Orc:2    | 30252 ||| SHOPLISTING ring of fire (400 gold, have 248).
 30252 | Orc:2    | 30252 ||| SHOPLISTING +3 ring of evasion (336 gold, have 248).
 30259 | Orc:2    | Found Osmiyn's Weapon Boutique.
 30263 | Orc:2    | Bought a potion of heal wounds for 55 gold pieces
 30263 | Orc:2    | Bought a potion of curing for 33 gold pieces
 30263 | Orc:2    | Bought a potion of might for 44 gold pieces
 30286 | Orc:2    | Noticed Erolcha
 30287 | Orc:2    | 30287 ||| INVOKING Trog's Hand.
 30288 | Orc:2    | 30288 ||| INVOKING Brothers in Arms.
 30289 | Orc:2    | 30289 ||| INVOKING Berserk.
 30291 | Orc:2    | Killed Erolcha
 30500 | Orc:2    | Found a roughly hewn altar of Beogh.
 30738 | Orc:2    | 30738 ||| UPGRADING to runed plate armour.
 30748 | Orc:2    | 30748 ||| READING 11 scrolls of remove curse.
 30749 | Orc:2    | 30749 ||| UPGRADING to +6 chain mail "Tud Wias" {rElec}.
 30759 | Orc:2    | 30759 ||| DROPPING -2 plate armour.
 31037 | D:13     | 31037 ||| EATING 10 bread rations.
 31300 | Snake:1  | Entered Level 1 of the Snake Pit
 31301 | Snake:1  | 31301 ||| Entered P.
 31881 | Snake:1  | Found a blossoming altar of Fedhas.
 32440 | Snake:1  | 32440 ||| EATING 9 bread rations.
 32768 | Snake:2  | Noticed a nagaraja
 32769 | Snake:2  | 32769 ||| INVOKING Berserk.
 32779 | Snake:2  | Killed a nagaraja
 32804 | Snake:2  | Noticed Aizul
 32805 | Snake:2  | 32805 ||| INVOKING Trog's Hand.
 32806 | Snake:2  | 32806 ||| READING 4 scrolls of teleportation.
 32812 | Snake:2  | 32812 ||| READING 3 scrolls of teleportation.
 32861 | Snake:2  | 32861 ||| READING 3 scrolls of enchant weapon.
 32861 | Snake:2  | 32861 ||| ENCHANTING +6 antimagic broad axe.
 32862 | Snake:2  | 32862 ||| READING 2 scrolls of enchant weapon.
 32862 | Snake:2  | 32862 ||| ENCHANTING +7 antimagic broad axe.
 32863 | Snake:2  | 32863 ||| READING scroll of enchant weapon.
 32863 | Snake:2  | 32863 ||| ENCHANTING +8 antimagic broad axe.
 32941 | Snake:2  | Noticed Frances
 32942 | Snake:2  | 32942 ||| INVOKING Brothers in Arms.
 32945 | Snake:2  | 32945 ||| INVOKING Berserk.
 32952 | Snake:2  | Killed Frances
 33044 | Snake:2  | 33044 ||| EATING 8 bread rations.
 33198 | Snake:2  | 33198 ||| INVOKING Berserk.
 33221 | Snake:2  | 33221 ||| READING 2 scrolls of teleportation.
 33444 | Snake:2  | 33444 ||| INVOKING Berserk.
 33674 | Snake:2  | Got a crude flail
 33675 | Snake:2  | 33675 ||| UPGRADING to crude flail.
 33675 | Snake:2  | Identified the cursed +3 flail of the Toadstool {crush, rC+ MR+ Str+4 Int+2} (You found it on level 2 of the Snake Pit)
 33676 | Snake:2  | 33676 ||| READING 12 scrolls of remove curse.
 33677 | Snake:2  | 33677 ||| SWAPPING to +9 antimagic broad axe.
 33846 | Snake:2  | Reached XP level 17. HP: 107/111 MP: 5/17
 34019 | Snake:2  | 34019 ||| UPGRADING to pair of runed boots.
 34029 | Snake:2  | 34029 ||| UPGRADING to +2 pair of boots.
 34039 | Snake:2  | 34039 ||| DROPPING +1 pair of boots.
 34322 | Snake:3  | 34322 ||| STAIRDANCE
 34345 | Snake:2  | 34345 ||| INVOKING Trog's Hand.
 34346 | Snake:2  | 34346 ||| INVOKING Brothers in Arms.
 34347 | Snake:2  | 34347 ||| INVOKING Brothers in Arms.
 34357 | Snake:2  | Killed Aizul
 34357 | Snake:2  | Reached skill level 15 in Fighting
 34358 | Snake:2  | 34358 ||| EATING 3 fruits.
 34514 | Snake:3  | 34514 ||| INVOKING Berserk.
 34605 | Snake:3  | 34605 ||| INVOKING Berserk.
 34635 | Snake:3  | 34635 ||| READING scroll of teleportation.
 34818 | Snake:3  | 34818 ||| INVOKING Berserk.
 34840 | Snake:3  | 34840 ||| INVOKING Brothers in Arms.
 34846 | Snake:3  | 34846 ||| EATING 2 fruits.
 34938 | Snake:3  | 34938 ||| EATING fruit.
 34960 | Snake:3  | 34960 ||| INVOKING Berserk.
 35069 | Snake:3  | 35069 ||| EATING 7 bread rations.
 35127 | Snake:3  | Found a burning altar of Makhleb.
 35180 | Snake:3  | 35180 ||| INVOKING Berserk.
 35214 | Snake:3  | Reached skill level 15 in Shields
 35390 | Snake:3  | 35390 ||| INVOKING Berserk.
 35503 | Snake:3  | 35503 ||| UPGRADING to runed morningstar.
 35504 | Snake:3  | 35504 ||| SWAPPING to +9 antimagic broad axe.
 35505 | Snake:3  | 35505 ||| DROPPING +0 morningstar.
 35506 | Snake:3  | 35506 ||| DROPPING +3 flail of the Toadstool {crush, rC+ MR+ Str+4 Int+2}.
 35598 | Snake:3  | 35598 ||| UPGRADING to peridot ring.
 35600 | Snake:3  | 35600 ||| UPGRADING to ring of Jiddefu {rElec rN+ EV+2}.
 35620 | Snake:4  | Entered Level 4 of the Snake Pit
 35729 | Snake:4  | 35729 ||| EATING 6 bread rations.
 35902 | Snake:4  | Found Iqoyramuts's Gadget Shoppe.
 35918 | Snake:4  | Found Afevvy Imiom's Weapon Emporium.
 35999 | Snake:4  | Reached skill level 5 in Dodging
 36002 | Snake:4  | 36002 ||| INVOKING Berserk.
 36134 | Snake:4  | Noticed Agnes
 36135 | Snake:4  | 36135 ||| INVOKING Brothers in Arms.
 36137 | Snake:4  | 36137 ||| INVOKING Berserk.
 36144 | Snake:4  | Killed Agnes
 36373 | Snake:4  | Received a gift from Trog
 36417 | Snake:4  | 36417 ||| INVOKING Brothers in Arms.
 36439 | Snake:4  | 36439 ||| INVOKING Brothers in Arms.
 36447 | Snake:4  | 36447 ||| INVOKING Brothers in Arms.
 36448 | Snake:4  | 36448 ||| EATING 5 bread rations.
 36449 | Snake:4  | 36449 ||| INVOKING Berserk.
 36468 | Snake:4  | 36468 ||| INVOKING Brothers in Arms.
 36473 | Snake:4  | 36473 ||| INVOKING Brothers in Arms.
 36478 | Snake:4  | 36478 ||| INVOKING Brothers in Arms.
 36490 | Snake:4  | Reached XP level 18. HP: 31/120 MP: 2/18
 36746 | Snake:4  | 36746 ||| EATING 4 bread rations.
 36780 | Snake:4  | 36780 ||| DROPPING +1 morningstar of protection.
 36977 | Snake:4  | Found Voraggeups's Assorted Antiques.
 36991 | Snake:4  | Found Tixuor's Gadget Emporium.
 36994 | Snake:4  | Found Kuosy's Antique Weapon Shop.
 37126 | Snake:4  | Bought a ring of protection for 80 gold pieces
 37589 | Snake:4  | Got a serpentine rune of Zot
 37597 | Snake:4  | 37597 ||| INVOKING Berserk.
 37728 | Snake:4  | 37728 ||| INVOKING Burn Spellbooks.
 37762 | Snake:4  | 37762 ||| UPGRADING to runed large shield.
 37772 | Snake:4  | 37772 ||| DROPPING +0 large shield.
 37773 | Snake:4  | 37773 ||| UPGRADING to ring of protection.
 37775 | Snake:4  | 37775 ||| UPGRADING to ring of Jiddefu {rElec rN+ EV+2}.
 37777 | Snake:4  | 37777 ||| DROPPING +2 ring of protection.
 37778 | Snake:4  | 37778 ||| EATING 3 bread rations.
 38174 | Vaults:1 | Entered Level 1 of the Vaults
 38175 | Vaults:1 | 38175 ||| Entered V.
 38453 | Vaults:1 | 38453 ||| INVOKING Trog's Hand.
 38539 | Vaults:1 | 38539 ||| INVOKING Trog's Hand.
 38616 | Vaults:1 | 38616 ||| INVOKING Trog's Hand.
 38634 | Vaults:1 | Received a gift from Trog
 38828 | Vaults:1 | 38828 ||| INVOKING Trog's Hand.
 39061 | Vaults:1 | 39061 ||| INVOKING Trog's Hand.
 39303 | Vaults:1 | 39303 ||| INVOKING Trog's Hand.
 39743 | Vaults:1 | 39743 ||| INVOKING Burn Spellbooks.
 40222 | Vaults:2 | 40222 ||| INVOKING Berserk.
 40357 | Vaults:2 | 40357 ||| INVOKING Brothers in Arms.
 40360 | Vaults:2 | 40360 ||| INVOKING Berserk.
 40594 | Vaults:2 | 40594 ||| EATING 3 fruits.
 40718 | Vaults:2 | Reached XP level 19. HP: 128/128 MP: 6/19
 40727 | Vaults:2 | 40727 ||| INVOKING Trog's Hand.
 40755 | Vaults:2 | Reached skill level 15 in Armour
 40762 | Vaults:2 | 40762 ||| INVOKING Trog's Hand.
 40815 | Vaults:2 | 40815 ||| STAIRDANCE
 40817 | Vaults:1 | 40817 ||| EATING 2 fruits.
 40889 | Vaults:1 | 40889 ||| EATING fruit.
 41194 | Vaults:2 | 41194 ||| STAIRDANCE
 41404 | Vaults:2 | 41404 ||| INVOKING Trog's Hand.
 41406 | Vaults:2 | Noticed an Ice Fiend
 41406 | Vaults:2 | 41406 ||| DRINKING potion of resistance.
 41411 | Vaults:2 | 41411 ||| INVOKING Brothers in Arms.
 41412 | Vaults:2 | 41412 ||| INVOKING Berserk.
 41728 | Vaults:2 | 41728 ||| INVOKING Brothers in Arms.
 41731 | Vaults:2 | 41731 ||| INVOKING Brothers in Arms.
 42117 | Vaults:2 | 42117 ||| INVOKING Berserk.
 42127 | Vaults:2 | 42127 ||| EATING royal jelly.
 42339 | Vaults:3 | 42339 ||| STAIRDANCE
 42356 | Vaults:2 | 42356 ||| STAIRDANCE
 42481 | Vaults:3 | 42481 ||| STAIRDANCE
 42495 | Vaults:3 | 42495 ||| STAIRDANCE
 42605 | Vaults:3 | 42605 ||| EATING 3 bread rations.
 42654 | Vaults:3 | 42654 ||| INVOKING Trog's Hand.
 42667 | Vaults:3 | 42667 ||| INVOKING Trog's Hand.
 42692 | Vaults:3 | Received a gift from Trog
 42727 | Vaults:3 | 42727 ||| SWAPPING to glowing broad axe {god gift}.
 42727 | Vaults:3 | 42727 ||| Eating in order to wield vampiric weapon.
 42727 | Vaults:3 | 42727 ||| EATING 2 bread rations.
 42728 | Vaults:3 | 42728 ||| UPGRADING to vampiric broad axe {god gift}.
 42729 | Vaults:3 | 42729 ||| READING 2 scrolls of enchant weapon.
 42729 | Vaults:3 | 42729 ||| ENCHANTING +4 vampiric broad axe.
 42730 | Vaults:3 | 42730 ||| READING scroll of enchant weapon.
 42730 | Vaults:3 | 42730 ||| ENCHANTING +5 vampiric broad axe.
 42857 | Vaults:3 | 42857 ||| INVOKING Trog's Hand.
 42985 | Vaults:3 | 42985 ||| INVOKING Trog's Hand.
 43325 | Vaults:3 | Found an ancient bone altar of Kikubaaqudgha.
 43329 | Vaults:3 | Found a staircase to the Crypt.
 43330 | Vaults:3 | Found a basalt altar of Yredelemnul.
 43378 | Vaults:3 | 43378 ||| INVOKING Trog's Hand.
 43496 | Vaults:3 | 43496 ||| INVOKING Trog's Hand.
 43793 | Vaults:3 | Noticed Mennas
 43795 | Vaults:3 | 43795 ||| INVOKING Brothers in Arms.
 43812 | Vaults:3 | 43812 ||| INVOKING Berserk.
 43814 | Vaults:3 | Killed Mennas
 43814 | Vaults:3 | Reached XP level 20. HP: 136/136 MP: 18/20
 43843 | Vaults:3 | 43843 ||| INVOKING Burn Spellbooks.
 43952 | Vaults:3 | 43952 ||| UPGRADING to shiny large shield.
 43962 | Vaults:3 | 43962 ||| DROPPING +2 large shield.
 43963 | Vaults:3 | 43963 ||| UPGRADING to scratched iron ring.
 43965 | Vaults:3 | 43965 ||| UPGRADING to runed wooden ring.
 43967 | Vaults:3 | 43967 ||| REMOVING ring of flight.
 43968 | Vaults:3 | 43968 ||| UPGRADING to ring of resist corrosion.
 43969 | Vaults:3 | 43969 ||| UPGRADING to ring of protection from fire.
 43971 | Vaults:3 | 43971 ||| DROPPING ring of protection from magic.
 43972 | Vaults:3 | 43972 ||| UPGRADING to ring of Jiddefu {rElec rN+ EV+2}.
 43974 | Vaults:3 | 43974 ||| DROPPING ring of flight.
 43975 | Vaults:3 | 43975 ||| UPGRADING to knobbly coral ring.
 43977 | Vaults:3 | 43977 ||| REMOVING ring of fire.
 43978 | Vaults:3 | 43978 ||| UPGRADING to ring of resist corrosion.
 43979 | Vaults:3 | 43979 ||| UPGRADING to ring of protection from fire.
 43981 | Vaults:3 | 43981 ||| UPGRADING to ring of Jiddefu {rElec rN+ EV+2}.
 44042 | Vaults:4 | 44042 ||| INVOKING Trog's Hand.
 44105 | Vaults:4 | Noticed Frederick
 44106 | Vaults:4 | 44106 ||| INVOKING Brothers in Arms.
 44107 | Vaults:4 | 44107 ||| INVOKING Berserk.
 44119 | Vaults:4 | Killed Frederick
 44393 | Vaults:4 | 44393 ||| INVOKING Brothers in Arms.
 44408 | Vaults:4 | 44408 ||| INVOKING Trog's Hand.
 44410 | Vaults:4 | 44410 ||| DRINKING 3 potions of cancellation.
 44421 | Vaults:4 | 44421 ||| INVOKING Berserk.
 44447 | Vaults:4 | 44447 ||| READING 2 scrolls of teleportation.
 44451 | Vaults:4 | 44451 ||| EATING bread ration.
 44608 | Vaults:4 | 44608 ||| INVOKING Berserk.
 44619 | Vaults:4 | Received a gift from Trog
 44961 | Vaults:4 | 44961 ||| INVOKING Trog's Hand.
 44967 | Vaults:4 | 44967 ||| INVOKING Berserk.
 45170 | Vaults:4 | 45170 ||| INVOKING Trog's Hand.
 45207 | Vaults:4 | 45207 ||| INVOKING Trog's Hand.
 45519 | Vaults:4 | Found Liduof's Antique Armour Emporium.
 45538 | Vaults:4 | Bought a runed plate armour for 1014 gold pieces
 45740 | Vaults:4 | 45740 ||| INVOKING Trog's Hand.
 45855 | Vaults:4 | 45855 ||| UPGRADING to shiny plate armour.
 45865 | Vaults:4 | 45865 ||| UPGRADING to runed plate armour.
 45875 | Vaults:4 | 45875 ||| UPGRADING to +2 plate armour of magic resistance.
 45885 | Vaults:4 | 45885 ||| DROPPING +6 chain mail "Tud Wias" {rElec}.
 45886 | Vaults:4 | 45886 ||| READING 2 scrolls of enchant armour.
 45886 | Vaults:4 | 45886 ||| ENCHANTING +2 plate armour of magic resistance.
 45887 | Vaults:4 | 45887 ||| DROPPING +2 plate armour of positive energy.
 45888 | Vaults:4 | 45888 ||| READING scroll of enchant armour.
 45888 | Vaults:4 | 45888 ||| ENCHANTING +3 plate armour of magic resistance.
 45889 | Vaults:4 | 45889 ||| UPGRADING to ring of protection.
 45891 | Vaults:4 | 45891 ||| READING 11 scrolls of remove curse.
 45892 | Vaults:4 | 45892 ||| REMOVING -2 ring of protection.
 45893 | Vaults:4 | 45893 ||| DROPPING -2 ring of protection.
 45894 | Vaults:4 | 45894 ||| UPGRADING to ring of protection from fire.
 45895 | Vaults:4 | 45895 ||| UPGRADING to ring of Jiddefu {rElec rN+ EV+2}.
 46339 | Shoals:1 | Entered Level 1 of the Shoals
 46340 | Shoals:1 | 46340 ||| Entered A.
 46512 | Shoals:1 | 46512 ||| READING scroll of enchant armour.
 46512 | Shoals:1 | 46512 ||| ENCHANTING +4 plate armour of magic resistance.
 47359 | Shoals:1 | 47359 ||| UPGRADING to embroidered scarf.
 47369 | Shoals:1 | 47369 ||| DROPPING +2 cloak.
 47373 | Shoals:1 | 47373 ||| EATING bread ration.
 47409 | Shoals:2 | 47409 ||| INVOKING Trog's Hand.
 47491 | Shoals:2 | 47491 ||| INVOKING Brothers in Arms.
 47516 | Shoals:2 | 47516 ||| INVOKING Brothers in Arms.
 47520 | Shoals:2 | 47520 ||| INVOKING Berserk.
 47835 | Shoals:2 | 47835 ||| READING scroll of enchant weapon.
 47835 | Shoals:2 | 47835 ||| ENCHANTING +6 vampiric broad axe.
 48380 | Shoals:2 | 48380 ||| UPGRADING to glowing cabochon ring.
 48382 | Shoals:2 | 48382 ||| REMOVING ring of magical power.
 48383 | Shoals:2 | 48383 ||| DROPPING ring of magical power.
 48384 | Shoals:2 | 48384 ||| UPGRADING to ring of protection from fire.
 48385 | Shoals:2 | 48385 ||| UPGRADING to ring of Jiddefu {rElec rN+ EV+2}.
 48462 | Shoals:3 | Received a gift from Trog
 48488 | Shoals:3 | Reached XP level 21. HP: 140/144 MP: 19/21
 49320 | Shoals:3 | 49320 ||| UPGRADING to cabochon ring.
 49322 | Shoals:3 | 49322 ||| UPGRADING to ring of protection from fire.
 49324 | Shoals:3 | 49324 ||| UPGRADING to ring of Jiddefu {rElec rN+ EV+2}.
 49326 | Shoals:3 | 49326 ||| UPGRADING to ring of see invisible.
 49328 | Shoals:3 | 49328 ||| DROPPING ring of fire.
 49329 | Shoals:3 | 49329 ||| DROPPING 11 javelins.
 49418 | Shoals:4 | Entered Level 4 of the Shoals
 49474 | Shoals:4 | Noticed Ilsuiw
 49517 | Shoals:4 | Killed Ilsuiw
 49590 | Shoals:4 | Found Hocke's Weapon Emporium.
 49977 | Shoals:4 | Got a barnacled rune of Zot
 50230 | Shoals:4 | Received a gift from Trog
 50231 | Shoals:4 | Got an encrusted broad axe {god gift}
 50232 | Shoals:4 | 50232 ||| UPGRADING to encrusted broad axe {god gift}.
 50232 | Shoals:4 | Identified the +9 broad axe of Orb Guardian's Foe {speed, MR+ Stlth+} (Trog gifted it to you on level 4 of the Shoals)
 50233 | Shoals:4 | 50233 ||| Eating in order to wield vampiric weapon.
 50233 | Shoals:4 | 50233 ||| EATING 7 fruits.
 50234 | Shoals:4 | 50234 ||| Eating in order to wield vampiric weapon.
 50234 | Shoals:4 | 50234 ||| EATING 6 fruits.
 50235 | Shoals:4 | 50235 ||| Eating in order to wield vampiric weapon.
 50235 | Shoals:4 | 50235 ||| EATING 5 fruits.
 50236 | Shoals:4 | 50236 ||| Eating in order to wield vampiric weapon.
 50236 | Shoals:4 | 50236 ||| EATING 4 fruits.
 50237 | Shoals:4 | 50237 ||| Eating in order to wield vampiric weapon.
 50237 | Shoals:4 | 50237 ||| EATING 3 fruits.
 50238 | Shoals:4 | 50238 ||| Eating in order to wield vampiric weapon.
 50238 | Shoals:4 | 50238 ||| EATING 2 fruits.
 50239 | Shoals:4 | 50239 ||| UPGRADING to +7 vampiric broad axe.
 50459 | Shoals:4 | 50459 ||| INVOKING Burn Spellbooks.
 50530 | Shoals:4 | 50530 ||| INVOKING Burn Spellbooks.
 50580 | Shoals:4 | 50580 ||| UPGRADING to runed cloak.
 50590 | Shoals:4 | 50590 ||| DROPPING scarf of repulsion.
 50930 | Depths:1 | Entered Level 1 of the Depths
 50931 | Depths:1 | 50931 ||| Entered U.
 50941 | Depths:1 | 50941 ||| EATING fruit.
 50947 | Depths:1 | 50947 ||| INVOKING Berserk.
 50956 | Depths:1 | 50956 ||| EATING 2 royal jellies.
 51076 | Depths:1 | 51076 ||| READING scroll of enchant weapon.
 51076 | Depths:1 | 51076 ||| ENCHANTING +7 vampiric broad axe.
 51176 | Depths:1 | 51176 ||| INVOKING Brothers in Arms.
 51208 | Depths:1 | 51208 ||| INVOKING Trog's Hand.
 51269 | Depths:1 | Found Rall's Antique Armour Shoppe.
 51316 | Depths:1 | Bought a pair of runed boots for 172 gold pieces
 51357 | Depths:1 | 51357 ||| INVOKING Trog's Hand.
 51358 | Depths:1 | 51358 ||| INVOKING Brothers in Arms.
 51461 | Depths:1 | 51461 ||| READING scroll of enchant armour.
 51461 | Depths:1 | 51461 ||| ENCHANTING +5 plate armour of magic resistance.
 51487 | Depths:1 | 51487 ||| INVOKING Brothers in Arms.
 51489 | Depths:1 | 51489 ||| INVOKING Berserk.
 51501 | Depths:1 | Found a gateway to a ziggurat.
 51552 | Depths:1 | 51552 ||| INVOKING Trog's Hand.
 51789 | Depths:1 | 51789 ||| READING scroll of enchant weapon.
 51789 | Depths:1 | 51789 ||| ENCHANTING +8 vampiric broad axe.
 51790 | Depths:1 | 51790 ||| DROPPING +9 antimagic broad axe.
 51970 | Depths:1 | Found a gateway to Hell.
 52142 | Depths:1 | 52142 ||| UPGRADING to pair of runed boots.
 52152 | Depths:1 | 52152 ||| DROPPING +2 pair of boots.
 52179 | Depths:2 | 52179 ||| Entered U.
 52191 | Depths:2 | 52191 ||| INVOKING Berserk.
 52201 | Depths:2 | Received a gift from Trog
 52206 | Depths:2 | 52206 ||| EATING 3 royal jellies.
 52480 | Depths:2 | 52480 ||| INVOKING Berserk.
 52482 | Depths:2 | Reached XP level 22. HP: 145/152 MP: 9/22
 52495 | Depths:2 | 52495 ||| INVOKING Burn Spellbooks.
 52675 | Depths:2 | Found a one-way gate to the infinite horrors of the Abyss.
 52718 | Depths:2 | 52718 ||| INVOKING Trog's Hand.
 52753 | Depths:2 | 52753 ||| INVOKING Burn Spellbooks.
 53033 | Depths:2 | 53033 ||| INVOKING Berserk.
 53039 | Depths:2 | 53039 ||| EATING 3 royal jellies.
 53151 | Depths:2 | 53151 ||| INVOKING Berserk.
 53302 | Depths:2 | 53302 ||| EATING 2 royal jellies.
 53592 | Depths:2 | 53592 ||| INVOKING Berserk.
 53942 | Depths:2 | Got a crude platinum ring
 54045 | Depths:2 | 54045 ||| Stepping ~*~*~tactically~*~*~ (cloud).
 54149 | Depths:2 | 54149 ||| INVOKING Trog's Hand.
 54150 | Depths:2 | 54150 ||| INVOKING Brothers in Arms.
 54154 | Depths:2 | 54154 ||| READING 5 scrolls of teleportation.
 54196 | Depths:2 | 54196 ||| INVOKING Berserk.
 54200 | Depths:2 | Received a gift from Trog
 54212 | Depths:2 | 54212 ||| EATING 2 royal jellies.
 54303 | Depths:2 | 54303 ||| UPGRADING to glowing ice dragon scales.
 54310 | Depths:2 | 54310 ||| UPGRADING to +6 plate armour of magic resistance.
 54316 | Depths:2 | 54316 ||| UPGRADING to glowing ice dragon scales.
 54326 | Depths:2 | 54326 ||| DROPPING +0 ice dragon scales.
 54327 | Depths:2 | 54327 ||| READING 15 scrolls of remove curse.
 54328 | Depths:2 | 54328 ||| UPGRADING to +6 plate armour of magic resistance.
 54338 | Depths:2 | 54338 ||| UPGRADING to ring of protection.
 54340 | Depths:2 | 54340 ||| DROPPING ring of Jiddefu {rElec rN+ EV+2}.
 54341 | Depths:2 | 54341 ||| UPGRADING to large garnet ring.
 54343 | Depths:2 | 54343 ||| REMOVING +4 ring of intelligence.
 54344 | Depths:2 | 54344 ||| UPGRADING to ring of protection from fire.
 54345 | Depths:2 | 54345 ||| UPGRADING to +3 ring of protection.
 54347 | Depths:2 | 54347 ||| UPGRADING to ring of see invisible.
 54349 | Depths:2 | 54349 ||| DROPPING +4 ring of intelligence.
 54350 | Depths:2 | 54350 ||| UPGRADING to crude platinum ring.
 54351 | Depths:2 | Identified the ring "Viovvila" {rPois AC+2} (You found it on level 2 of the Depths)
 54352 | Depths:2 | 54352 ||| UPGRADING to +3 ring of protection.
 54354 | Depths:2 | 54354 ||| DROPPING ring "Viovvila" {rPois AC+2}.
 54355 | Depths:2 | 54355 ||| READING 4 scrolls of teleportation.
 54360 | Depths:2 | 54360 ||| READING 3 scrolls of teleportation.
 54364 | Depths:2 | 54364 ||| READING 2 scrolls of teleportation.
 54369 | Depths:2 | 54369 ||| READING scroll of teleportation.
 54373 | Depths:2 | 54373 ||| Stepping randomly (stuck).
 54374 | Depths:2 | 54374 ||| Stepping randomly (stuck).
 54375 | Depths:2 | 54375 ||| Stepping randomly (stuck).
 54376 | Depths:2 | 54376 ||| Stepping randomly (stuck).
 54377 | Depths:2 | 54377 ||| Stepping randomly (stuck).
 54378 | Depths:2 | 54378 ||| Stepping randomly (stuck).
 54379 | Depths:2 | 54379 ||| Stepping randomly (stuck).
 54380 | Depths:2 | 54380 ||| Stepping randomly (stuck).
 54381 | Depths:2 | 54381 ||| Stepping randomly (stuck).
 54382 | Depths:2 | 54382 ||| Stepping randomly (stuck).
 54383 | Depths:2 | 54383 ||| Stepping randomly (stuck).
 54384 | Depths:2 | 54384 ||| Stepping randomly (stuck).
 54385 | Depths:2 | 54385 ||| Stepping randomly (stuck).
 54386 | Depths:2 | 54386 ||| Stepping randomly (stuck).
 54387 | Depths:2 | 54387 ||| Stepping randomly (stuck).
 54388 | Depths:2 | 54388 ||| Stepping randomly (stuck).
 54389 | Depths:2 | 54389 ||| Stepping randomly (stuck).
 54390 | Depths:2 | 54390 ||| Stepping randomly (stuck).
 54391 | Depths:2 | 54391 ||| Stepping randomly (stuck).
 54392 | Depths:2 | 54392 ||| Stepping randomly (stuck).
 54393 | Depths:2 | 54393 ||| Stepping randomly (stuck).
 54394 | Depths:2 | 54394 ||| Stepping randomly (stuck).
 54395 | Depths:2 | 54395 ||| Stepping randomly (stuck).
 54396 | Depths:2 | 54396 ||| Stepping randomly (stuck).
 54397 | Depths:2 | 54397 ||| Stepping randomly (stuck).
 54398 | Depths:2 | 54398 ||| Stepping randomly (stuck).
 54399 | Depths:2 | 54399 ||| Stepping randomly (stuck).
 54400 | Depths:2 | 54400 ||| Stepping randomly (stuck).
 54401 | Depths:2 | 54401 ||| Stepping randomly (stuck).
 54402 | Depths:2 | 54402 ||| Stepping randomly (stuck).
 54403 | Depths:2 | 54403 ||| Stepping randomly (stuck).
 54404 | Depths:2 | 54404 ||| Stepping randomly (stuck).
 54405 | Depths:2 | 54405 ||| Stepping randomly (stuck).
 54406 | Depths:2 | 54406 ||| Stepping randomly (stuck).
 54407 | Depths:2 | 54407 ||| Stepping randomly (stuck).
 54408 | Depths:2 | 54408 ||| Stepping randomly (stuck).
 54409 | Depths:2 | 54409 ||| Stepping randomly (stuck).
 54410 | Depths:2 | 54410 ||| Stepping randomly (stuck).
 54411 | Depths:2 | 54411 ||| Stepping randomly (stuck).
 54412 | Depths:2 | 54412 ||| Stepping randomly (stuck).
 54413 | Depths:2 | 54413 ||| Stepping randomly (stuck).
 54414 | Depths:2 | 54414 ||| Stepping randomly (stuck).
 54415 | Depths:2 | 54415 ||| Stepping randomly (stuck).
 54416 | Depths:2 | 54416 ||| Stepping randomly (stuck).
 54417 | Depths:2 | 54417 ||| Stepping randomly (stuck).
 54418 | Depths:2 | 54418 ||| Stepping randomly (stuck).
 54419 | Depths:2 | 54419 ||| Stepping randomly (stuck).
 54420 | Depths:2 | 54420 ||| Stepping randomly (stuck).
 54421 | Depths:2 | 54421 ||| Stepping randomly (stuck).
 54422 | Depths:2 | 54422 ||| Stepping randomly (stuck).
 54423 | Depths:2 | 54423 ||| Stepping randomly (stuck).
 54424 | Depths:2 | 54424 ||| Stepping randomly (stuck).
 54425 | Depths:2 | 54425 ||| Stepping randomly (stuck).
 54426 | Depths:2 | 54426 ||| Stepping randomly (stuck).
 54427 | Depths:2 | 54427 ||| Stepping randomly (stuck).
 54428 | Depths:2 | 54428 ||| Stepping randomly (stuck).
 54429 | Depths:2 | 54429 ||| Stepping randomly (stuck).
 54430 | Depths:2 | 54430 ||| Stepping randomly (stuck).
 54431 | Depths:2 | 54431 ||| Stepping randomly (stuck).
 54432 | Depths:2 | 54432 ||| Stepping randomly (stuck).
 54433 | Depths:2 | 54433 ||| Stepping randomly (stuck).
 54434 | Depths:2 | 54434 ||| Stepping randomly (stuck).
 54435 | Depths:2 | 54435 ||| Stepping randomly (stuck).
 54436 | Depths:2 | 54436 ||| Stepping randomly (stuck).
 54437 | Depths:2 | 54437 ||| Stepping randomly (stuck).
 54438 | Depths:2 | 54438 ||| Stepping randomly (stuck).
 54439 | Depths:2 | 54439 ||| Stepping randomly (stuck).
 54440 | Depths:2 | 54440 ||| Stepping randomly (stuck).
 54441 | Depths:2 | 54441 ||| Stepping randomly (stuck).
 54442 | Depths:2 | 54442 ||| Stepping randomly (stuck).
 54443 | Depths:2 | 54443 ||| Stepping randomly (stuck).
 54444 | Depths:2 | 54444 ||| Stepping randomly (stuck).
 54445 | Depths:2 | 54445 ||| Stepping randomly (stuck).
 54446 | Depths:2 | 54446 ||| Stepping randomly (stuck).
 54447 | Depths:2 | 54447 ||| Stepping randomly (stuck).
 54448 | Depths:2 | 54448 ||| Stepping randomly (stuck).
 54449 | Depths:2 | 54449 ||| Stepping randomly (stuck).
 54450 | Depths:2 | 54450 ||| Stepping randomly (stuck).
 54451 | Depths:2 | 54451 ||| Stepping randomly (stuck).
 54452 | Depths:2 | 54452 ||| Stepping randomly (stuck).
 54453 | Depths:2 | 54453 ||| Stepping randomly (stuck).
 54454 | Depths:2 | 54454 ||| Stepping randomly (stuck).
 54455 | Depths:2 | 54455 ||| Stepping randomly (stuck).
 54456 | Depths:2 | 54456 ||| Stepping randomly (stuck).
 54457 | Depths:2 | 54457 ||| Stepping randomly (stuck).
 54458 | Depths:2 | 54458 ||| Stepping randomly (stuck).
 54459 | Depths:2 | 54459 ||| Stepping randomly (stuck).
 54460 | Depths:2 | 54460 ||| Stepping randomly (stuck).
 54461 | Depths:2 | 54461 ||| Stepping randomly (stuck).
 54462 | Depths:2 | 54462 ||| Stepping randomly (stuck).
 54463 | Depths:2 | 54463 ||| Stepping randomly (stuck).
 54464 | Depths:2 | 54464 ||| Stepping randomly (stuck).
 54465 | Depths:2 | 54465 ||| Stepping randomly (stuck).
 54466 | Depths:2 | 54466 ||| Stepping randomly (stuck).
 54467 | Depths:2 | 54467 ||| Stepping randomly (stuck).
 54468 | Depths:2 | 54468 ||| Stepping randomly (stuck).
 54469 | Depths:2 | 54469 ||| Stepping randomly (stuck).
 54470 | Depths:2 | 54470 ||| Stepping randomly (stuck).
 54471 | Depths:2 | 54471 ||| Stepping randomly (stuck).
 54472 | Depths:2 | 54472 ||| Stepping randomly (stuck).
 54473 | Depths:2 | 54473 ||| Stepping randomly (stuck).
 54474 | Depths:2 | 54474 ||| Stepping randomly (stuck).
 54475 | Depths:2 | 54475 ||| Stepping randomly (stuck).
 54476 | Depths:2 | 54476 ||| Stepping randomly (stuck).
 54477 | Depths:2 | 54477 ||| Stepping randomly (stuck).
 54478 | Depths:2 | 54478 ||| Stepping randomly (stuck).
 54479 | Depths:2 | 54479 ||| Stepping randomly (stuck).
 54480 | Depths:2 | 54480 ||| Stepping randomly (stuck).
 54481 | Depths:2 | 54481 ||| Stepping randomly (stuck).
 54482 | Depths:2 | 54482 ||| Stepping randomly (stuck).
 54483 | Depths:2 | 54483 ||| Stepping randomly (stuck).
 54484 | Depths:2 | 54484 ||| Stepping randomly (stuck).
 54485 | Depths:2 | 54485 ||| Stepping randomly (stuck).
 54486 | Depths:2 | 54486 ||| Stepping randomly (stuck).
 54487 | Depths:2 | 54487 ||| Stepping randomly (stuck).
 54488 | Depths:2 | 54488 ||| Stepping randomly (stuck).
 54489 | Depths:2 | 54489 ||| Stepping randomly (stuck).
 54490 | Depths:2 | 54490 ||| Stepping randomly (stuck).
 54491 | Depths:2 | 54491 ||| Stepping randomly (stuck).
 54492 | Depths:2 | 54492 ||| Stepping randomly (stuck).
 54493 | Depths:2 | 54493 ||| Stepping randomly (stuck).
 54494 | Depths:2 | 54494 ||| Stepping randomly (stuck).
 54495 | Depths:2 | 54495 ||| Stepping randomly (stuck).
 54496 | Depths:2 | 54496 ||| Stepping randomly (stuck).
 54497 | Depths:2 | 54497 ||| Stepping randomly (stuck).
 54498 | Depths:2 | 54498 ||| Stepping randomly (stuck).
 54499 | Depths:2 | 54499 ||| Stepping randomly (stuck).
 54500 | Depths:2 | 54500 ||| Stepping randomly (stuck).
 54501 | Depths:2 | 54501 ||| Stepping randomly (stuck).
 54502 | Depths:2 | 54502 ||| Stepping randomly (stuck).
 54503 | Depths:2 | 54503 ||| Stepping randomly (stuck).
 54504 | Depths:2 | 54504 ||| Stepping randomly (stuck).
 54505 | Depths:2 | 54505 ||| Stepping randomly (stuck).
 54506 | Depths:2 | 54506 ||| Stepping randomly (stuck).
 54507 | Depths:2 | 54507 ||| Stepping randomly (stuck).
 54508 | Depths:2 | 54508 ||| Stepping randomly (stuck).
 54509 | Depths:2 | 54509 ||| Stepping randomly (stuck).
 54510 | Depths:2 | 54510 ||| Stepping randomly (stuck).
 54511 | Depths:2 | 54511 ||| Stepping randomly (stuck).
 54512 | Depths:2 | 54512 ||| Stepping randomly (stuck).
 54513 | Depths:2 | 54513 ||| Stepping randomly (stuck).
 54514 | Depths:2 | 54514 ||| Stepping randomly (stuck).
 54515 | Depths:2 | 54515 ||| Stepping randomly (stuck).
 54516 | Depths:2 | 54516 ||| Stepping randomly (stuck).
 54517 | Depths:2 | 54517 ||| Stepping randomly (stuck).
 54518 | Depths:2 | 54518 ||| Stepping randomly (stuck).
 54519 | Depths:2 | 54519 ||| Stepping randomly (stuck).
 54520 | Depths:2 | 54520 ||| Stepping randomly (stuck).
 54521 | Depths:2 | 54521 ||| Stepping randomly (stuck).
 54522 | Depths:2 | 54522 ||| Stepping randomly (stuck).
 54523 | Depths:2 | 54523 ||| Stepping randomly (stuck).
 54524 | Depths:2 | 54524 ||| Stepping randomly (stuck).
 54525 | Depths:2 | 54525 ||| Stepping randomly (stuck).
 54526 | Depths:2 | 54526 ||| Stepping randomly (stuck).
 54527 | Depths:2 | 54527 ||| Stepping randomly (stuck).
 54528 | Depths:2 | 54528 ||| Stepping randomly (stuck).
 54529 | Depths:2 | 54529 ||| Stepping randomly (stuck).
 54530 | Depths:2 | 54530 ||| Stepping randomly (stuck).
 54531 | Depths:2 | 54531 ||| Stepping randomly (stuck).
 54532 | Depths:2 | 54532 ||| Stepping randomly (stuck).
 54533 | Depths:2 | 54533 ||| Stepping randomly (stuck).
 54534 | Depths:2 | 54534 ||| Stepping randomly (stuck).
 54535 | Depths:2 | 54535 ||| Stepping randomly (stuck).
 54536 | Depths:2 | 54536 ||| Stepping randomly (stuck).
 54537 | Depths:2 | 54537 ||| Stepping randomly (stuck).
 54538 | Depths:2 | 54538 ||| Stepping randomly (stuck).
 54539 | Depths:2 | 54539 ||| Stepping randomly (stuck).
 54540 | Depths:2 | 54540 ||| Stepping randomly (stuck).
 54541 | Depths:2 | 54541 ||| Stepping randomly (stuck).
 54542 | Depths:2 | 54542 ||| Stepping randomly (stuck).
 54543 | Depths:2 | 54543 ||| Stepping randomly (stuck).
 54544 | Depths:2 | 54544 ||| Stepping randomly (stuck).
 54545 | Depths:2 | 54545 ||| Stepping randomly (stuck).
 54546 | Depths:2 | 54546 ||| Stepping randomly (stuck).
 54547 | Depths:2 | 54547 ||| Stepping randomly (stuck).
 54548 | Depths:2 | 54548 ||| Stepping randomly (stuck).
 54549 | Depths:2 | 54549 ||| Stepping randomly (stuck).
 54550 | Depths:2 | 54550 ||| Stepping randomly (stuck).
 54551 | Depths:2 | 54551 ||| Stepping randomly (stuck).
 54552 | Depths:2 | 54552 ||| Stepping randomly (stuck).
 54553 | Depths:2 | 54553 ||| Stepping randomly (stuck).
 54554 | Depths:2 | 54554 ||| Stepping randomly (stuck).
 54555 | Depths:2 | 54555 ||| Stepping randomly (stuck).
 54556 | Depths:2 | 54556 ||| Stepping randomly (stuck).
 54557 | Depths:2 | 54557 ||| Stepping randomly (stuck).
 54558 | Depths:2 | 54558 ||| Stepping randomly (stuck).
 54559 | Depths:2 | 54559 ||| Stepping randomly (stuck).
 54560 | Depths:2 | 54560 ||| Stepping randomly (stuck).
 54561 | Depths:2 | 54561 ||| Stepping randomly (stuck).
 54562 | Depths:2 | 54562 ||| Stepping randomly (stuck).
 54563 | Depths:2 | 54563 ||| Stepping randomly (stuck).
 54564 | Depths:2 | 54564 ||| Stepping randomly (stuck).
 54565 | Depths:2 | 54565 ||| Stepping randomly (stuck).
 54566 | Depths:2 | 54566 ||| Stepping randomly (stuck).
 54567 | Depths:2 | 54567 ||| Stepping randomly (stuck).
 54568 | Depths:2 | 54568 ||| Stepping randomly (stuck).
 54569 | Depths:2 | 54569 ||| Stepping randomly (stuck).
 54570 | Depths:2 | 54570 ||| Stepping randomly (stuck).
 54571 | Depths:2 | 54571 ||| Stepping randomly (stuck).
 54572 | Depths:2 | 54572 ||| Stepping randomly (stuck).
 54573 | Depths:2 | 54573 ||| Stepping randomly (stuck).
 54574 | Depths:2 | 54574 ||| Stepping randomly (stuck).
 54575 | Depths:2 | 54575 ||| Stepping randomly (stuck).
 54576 | Depths:2 | 54576 ||| Stepping randomly (stuck).
 54577 | Depths:2 | 54577 ||| Stepping randomly (stuck).
 54578 | Depths:2 | 54578 ||| Stepping randomly (stuck).
 54579 | Depths:2 | 54579 ||| Stepping randomly (stuck).
 54580 | Depths:2 | 54580 ||| Stepping randomly (stuck).
 54581 | Depths:2 | 54581 ||| Stepping randomly (stuck).
 54582 | Depths:2 | 54582 ||| Stepping randomly (stuck).
 54583 | Depths:2 | 54583 ||| Stepping randomly (stuck).
 54584 | Depths:2 | 54584 ||| Stepping randomly (stuck).
 54585 | Depths:2 | 54585 ||| Stepping randomly (stuck).
 54586 | Depths:2 | 54586 ||| Stepping randomly (stuck).
 54587 | Depths:2 | 54587 ||| Stepping randomly (stuck).
 54588 | Depths:2 | 54588 ||| Stepping randomly (stuck).
 54589 | Depths:2 | 54589 ||| Stepping randomly (stuck).
 54590 | Depths:2 | 54590 ||| Stepping randomly (stuck).
 54591 | Depths:2 | 54591 ||| Stepping randomly (stuck).
 54592 | Depths:2 | 54592 ||| Stepping randomly (stuck).
 54593 | Depths:2 | 54593 ||| Stepping randomly (stuck).
 54594 | Depths:2 | 54594 ||| Stepping randomly (stuck).
 54595 | Depths:2 | 54595 ||| Stepping randomly (stuck).
 54596 | Depths:2 | 54596 ||| Stepping randomly (stuck).
 54597 | Depths:2 | 54597 ||| Stepping randomly (stuck).
 54598 | Depths:2 | 54598 ||| Stepping randomly (stuck).
 54599 | Depths:2 | 54599 ||| Stepping randomly (stuck).
 54600 | Depths:2 | 54600 ||| Stepping randomly (stuck).
 54601 | Depths:2 | 54601 ||| Stepping randomly (stuck).
 54602 | Depths:2 | 54602 ||| Stepping randomly (stuck).
 54603 | Depths:2 | 54603 ||| Stepping randomly (stuck).
 54604 | Depths:2 | 54604 ||| Stepping randomly (stuck).
 54605 | Depths:2 | 54605 ||| Stepping randomly (stuck).
 54606 | Depths:2 | 54606 ||| Stepping randomly (stuck).
 54607 | Depths:2 | 54607 ||| Stepping randomly (stuck).
 54608 | Depths:2 | 54608 ||| Stepping randomly (stuck).
 54609 | Depths:2 | 54609 ||| Stepping randomly (stuck).
 54610 | Depths:2 | 54610 ||| Stepping randomly (stuck).
 54611 | Depths:2 | 54611 ||| Stepping randomly (stuck).
 54612 | Depths:2 | 54612 ||| Stepping randomly (stuck).
 54613 | Depths:2 | 54613 ||| Stepping randomly (stuck).
 54614 | Depths:2 | 54614 ||| Stepping randomly (stuck).
 54615 | Depths:2 | 54615 ||| Stepping randomly (stuck).
 54616 | Depths:2 | 54616 ||| Stepping randomly (stuck).
 54617 | Depths:2 | 54617 ||| Stepping randomly (stuck).
 54618 | Depths:2 | 54618 ||| Stepping randomly (stuck).
 54619 | Depths:2 | 54619 ||| Stepping randomly (stuck).
 54620 | Depths:2 | 54620 ||| Stepping randomly (stuck).
 54621 | Depths:2 | 54621 ||| Stepping randomly (stuck).
 54622 | Depths:2 | 54622 ||| Stepping randomly (stuck).
 54623 | Depths:2 | 54623 ||| Stepping randomly (stuck).
 54624 | Depths:2 | 54624 ||| Stepping randomly (stuck).
 54625 | Depths:2 | 54625 ||| Stepping randomly (stuck).
 54626 | Depths:2 | 54626 ||| Stepping randomly (stuck).
 54627 | Depths:2 | 54627 ||| Stepping randomly (stuck).
 54628 | Depths:2 | 54628 ||| Stepping randomly (stuck).
 54629 | Depths:2 | 54629 ||| Stepping randomly (stuck).
 54630 | Depths:2 | 54630 ||| Stepping randomly (stuck).
 54631 | Depths:2 | 54631 ||| Stepping randomly (stuck).
 54632 | Depths:2 | 54632 ||| Stepping randomly (stuck).
 54633 | Depths:2 | 54633 ||| Stepping randomly (stuck).
 54634 | Depths:2 | 54634 ||| Stepping randomly (stuck).
 54635 | Depths:2 | 54635 ||| Stepping randomly (stuck).
 54636 | Depths:2 | 54636 ||| Stepping randomly (stuck).
 54637 | Depths:2 | 54637 ||| Stepping randomly (stuck).
 54638 | Depths:2 | 54638 ||| Stepping randomly (stuck).
 54639 | Depths:2 | 54639 ||| Stepping randomly (stuck).
 54640 | Depths:2 | 54640 ||| Stepping randomly (stuck).
 54641 | Depths:2 | 54641 ||| Stepping randomly (stuck).
 54642 | Depths:2 | 54642 ||| Stepping randomly (stuck).
 54643 | Depths:2 | 54643 ||| Stepping randomly (stuck).
 54644 | Depths:2 | 54644 ||| Stepping randomly (stuck).
 54645 | Depths:2 | 54645 ||| Stepping randomly (stuck).
 54646 | Depths:2 | 54646 ||| Stepping randomly (stuck).
 54647 | Depths:2 | 54647 ||| Stepping randomly (stuck).
 54648 | Depths:2 | 54648 ||| Stepping randomly (stuck).
 54649 | Depths:2 | 54649 ||| Stepping randomly (stuck).
 54650 | Depths:2 | 54650 ||| Stepping randomly (stuck).
 54651 | Depths:2 | 54651 ||| Stepping randomly (stuck).
 54652 | Depths:2 | 54652 ||| Stepping randomly (stuck).
 54653 | Depths:2 | 54653 ||| Stepping randomly (stuck).
 54654 | Depths:2 | 54654 ||| Stepping randomly (stuck).
 54655 | Depths:2 | 54655 ||| Stepping randomly (stuck).
 54656 | Depths:2 | 54656 ||| Stepping randomly (stuck).
 54657 | Depths:2 | 54657 ||| Stepping randomly (stuck).
 54658 | Depths:2 | 54658 ||| Stepping randomly (stuck).
 54659 | Depths:2 | 54659 ||| Stepping randomly (stuck).
 54660 | Depths:2 | 54660 ||| Stepping randomly (stuck).
 54661 | Depths:2 | 54661 ||| Stepping randomly (stuck).
 54662 | Depths:2 | 54662 ||| Stepping randomly (stuck).
 54663 | Depths:2 | 54663 ||| Stepping randomly (stuck).
 54664 | Depths:2 | 54664 ||| Stepping randomly (stuck).
 54665 | Depths:2 | 54665 ||| Stepping randomly (stuck).
 54666 | Depths:2 | 54666 ||| Stepping randomly (stuck).
 54667 | Depths:2 | 54667 ||| Stepping randomly (stuck).
 54668 | Depths:2 | 54668 ||| Stepping randomly (stuck).
 54669 | Depths:2 | 54669 ||| Stepping randomly (stuck).
 54670 | Depths:2 | 54670 ||| Stepping randomly (stuck).
 54671 | Depths:2 | 54671 ||| Stepping randomly (stuck).
 54672 | Depths:2 | 54672 ||| Stepping randomly (stuck).
 54673 | Depths:2 | 54673 ||| Stepping randomly (stuck).
 54674 | Depths:2 | 54674 ||| Stepping randomly (stuck).
 54675 | Depths:2 | 54675 ||| Stepping randomly (stuck).
 54676 | Depths:2 | 54676 ||| Stepping randomly (stuck).
 54677 | Depths:2 | 54677 ||| Stepping randomly (stuck).
 54678 | Depths:2 | 54678 ||| Stepping randomly (stuck).
 54679 | Depths:2 | 54679 ||| Stepping randomly (stuck).
 54680 | Depths:2 | 54680 ||| Stepping randomly (stuck).
 54681 | Depths:2 | 54681 ||| Stepping randomly (stuck).
 54682 | Depths:2 | 54682 ||| Stepping randomly (stuck).
 54683 | Depths:2 | 54683 ||| Stepping randomly (stuck).
 54684 | Depths:2 | 54684 ||| Stepping randomly (stuck).
 54685 | Depths:2 | 54685 ||| Stepping randomly (stuck).
 54686 | Depths:2 | 54686 ||| Stepping randomly (stuck).
 54687 | Depths:2 | 54687 ||| Stepping randomly (stuck).
 54688 | Depths:2 | 54688 ||| Stepping randomly (stuck).
 54689 | Depths:2 | 54689 ||| Stepping randomly (stuck).
 54690 | Depths:2 | 54690 ||| Stepping randomly (stuck).
 54691 | Depths:2 | 54691 ||| Stepping randomly (stuck).
 54692 | Depths:2 | 54692 ||| Stepping randomly (stuck).
 54693 | Depths:2 | 54693 ||| Stepping randomly (stuck).
 54694 | Depths:2 | 54694 ||| Stepping randomly (stuck).
 54695 | Depths:2 | 54695 ||| Stepping randomly (stuck).
 54696 | Depths:2 | 54696 ||| Stepping randomly (stuck).
 54697 | Depths:2 | 54697 ||| Stepping randomly (stuck).
 54698 | Depths:2 | 54698 ||| Stepping randomly (stuck).
 54699 | Depths:2 | 54699 ||| Stepping randomly (stuck).
 54700 | Depths:2 | 54700 ||| Stepping randomly (stuck).
 54701 | Depths:2 | 54701 ||| Stepping randomly (stuck).
 54702 | Depths:2 | 54702 ||| Stepping randomly (stuck).
 54703 | Depths:2 | 54703 ||| Stepping randomly (stuck).
 54704 | Depths:2 | 54704 ||| Stepping randomly (stuck).
 54705 | Depths:2 | 54705 ||| Stepping randomly (stuck).
 54706 | Depths:2 | 54706 ||| Stepping randomly (stuck).
 54707 | Depths:2 | 54707 ||| Stepping randomly (stuck).
 54708 | Depths:2 | 54708 ||| Stepping randomly (stuck).
 54709 | Depths:2 | 54709 ||| Stepping randomly (stuck).
 54710 | Depths:2 | 54710 ||| Stepping randomly (stuck).
 54711 | Depths:2 | 54711 ||| Stepping randomly (stuck).
 54712 | Depths:2 | 54712 ||| Stepping randomly (stuck).
 54713 | Depths:2 | 54713 ||| Stepping randomly (stuck).
 54714 | Depths:2 | 54714 ||| Stepping randomly (stuck).
 54715 | Depths:2 | 54715 ||| Stepping randomly (stuck).
 54716 | Depths:2 | 54716 ||| Stepping randomly (stuck).
 54717 | Depths:2 | 54717 ||| Stepping randomly (stuck).
 54718 | Depths:2 | 54718 ||| Stepping randomly (stuck).
 54719 | Depths:2 | 54719 ||| Stepping randomly (stuck).
 54720 | Depths:2 | 54720 ||| Stepping randomly (stuck).
 54721 | Depths:2 | 54721 ||| Stepping randomly (stuck).
 54722 | Depths:2 | 54722 ||| Stepping randomly (stuck).
 54723 | Depths:2 | 54723 ||| Stepping randomly (stuck).
 54724 | Depths:2 | 54724 ||| Stepping randomly (stuck).
 54725 | Depths:2 | 54725 ||| Stepping randomly (stuck).
 54726 | Depths:2 | 54726 ||| Stepping randomly (stuck).
 54727 | Depths:2 | 54727 ||| Stepping randomly (stuck).
 54728 | Depths:2 | 54728 ||| Stepping randomly (stuck).
 54729 | Depths:2 | 54729 ||| Stepping randomly (stuck).
 54730 | Depths:2 | 54730 ||| Stepping randomly (stuck).
 54731 | Depths:2 | 54731 ||| Stepping randomly (stuck).
 54732 | Depths:2 | 54732 ||| Stepping randomly (stuck).
 54733 | Depths:2 | 54733 ||| Stepping randomly (stuck).
 54734 | Depths:2 | 54734 ||| Stepping randomly (stuck).
 54735 | Depths:2 | 54735 ||| Stepping randomly (stuck).
 54736 | Depths:2 | 54736 ||| Stepping randomly (stuck).
 54737 | Depths:2 | 54737 ||| Stepping randomly (stuck).
 54738 | Depths:2 | 54738 ||| Stepping randomly (stuck).
 54739 | Depths:2 | 54739 ||| Stepping randomly (stuck).
 54740 | Depths:2 | 54740 ||| Stepping randomly (stuck).
 54741 | Depths:2 | 54741 ||| Stepping randomly (stuck).
 54742 | Depths:2 | 54742 ||| Stepping randomly (stuck).
 54743 | Depths:2 | 54743 ||| Stepping randomly (stuck).
 54744 | Depths:2 | 54744 ||| Stepping randomly (stuck).
 54745 | Depths:2 | 54745 ||| Stepping randomly (stuck).
 54746 | Depths:2 | 54746 ||| Stepping randomly (stuck).
 54747 | Depths:2 | 54747 ||| Stepping randomly (stuck).
 54748 | Depths:2 | 54748 ||| Stepping randomly (stuck).
 54749 | Depths:2 | 54749 ||| Stepping randomly (stuck).
 54750 | Depths:2 | 54750 ||| Stepping randomly (stuck).
 54751 | Depths:2 | 54751 ||| Stepping randomly (stuck).
 54752 | Depths:2 | 54752 ||| Stepping randomly (stuck).
 54753 | Depths:2 | 54753 ||| Stepping randomly (stuck).
 54754 | Depths:2 | 54754 ||| Stepping randomly (stuck).
 54755 | Depths:2 | 54755 ||| Stepping randomly (stuck).
 54756 | Depths:2 | 54756 ||| Stepping randomly (stuck).
 54757 | Depths:2 | 54757 ||| Stepping randomly (stuck).
 54758 | Depths:2 | 54758 ||| Stepping randomly (stuck).
 54759 | Depths:2 | 54759 ||| Stepping randomly (stuck).
 54760 | Depths:2 | 54760 ||| Stepping randomly (stuck).
 54761 | Depths:2 | 54761 ||| Stepping randomly (stuck).
 54762 | Depths:2 | 54762 ||| Stepping randomly (stuck).
 54763 | Depths:2 | 54763 ||| Stepping randomly (stuck).
 54764 | Depths:2 | 54764 ||| Stepping randomly (stuck).
 54765 | Depths:2 | 54765 ||| Stepping randomly (stuck).
 54766 | Depths:2 | 54766 ||| Stepping randomly (stuck).
 54767 | Depths:2 | 54767 ||| Stepping randomly (stuck).
 54768 | Depths:2 | 54768 ||| Stepping randomly (stuck).
 54769 | Depths:2 | 54769 ||| Stepping randomly (stuck).
 54770 | Depths:2 | 54770 ||| Stepping randomly (stuck).
 54771 | Depths:2 | 54771 ||| Stepping randomly (stuck).
 54772 | Depths:2 | 54772 ||| Stepping randomly (stuck).
 54773 | Depths:2 | 54773 ||| Stepping randomly (stuck).
 54774 | Depths:2 | 54774 ||| Stepping randomly (stuck).
 54775 | Depths:2 | 54775 ||| Stepping randomly (stuck).
 54776 | Depths:2 | 54776 ||| Stepping randomly (stuck).
 54777 | Depths:2 | 54777 ||| Stepping randomly (stuck).
 54778 | Depths:2 | 54778 ||| Stepping randomly (stuck).
 54779 | Depths:2 | 54779 ||| Stepping randomly (stuck).
 54780 | Depths:2 | 54780 ||| Stepping randomly (stuck).
 54781 | Depths:2 | 54781 ||| Stepping randomly (stuck).
 54782 | Depths:2 | 54782 ||| Stepping randomly (stuck).
 54783 | Depths:2 | 54783 ||| Stepping randomly (stuck).
 54784 | Depths:2 | 54784 ||| Stepping randomly (stuck).
 54785 | Depths:2 | 54785 ||| Stepping randomly (stuck).
 54786 | Depths:2 | 54786 ||| Stepping randomly (stuck).
 54787 | Depths:2 | 54787 ||| Stepping randomly (stuck).
 54788 | Depths:2 | 54788 ||| Stepping randomly (stuck).
 54789 | Depths:2 | 54789 ||| Stepping randomly (stuck).
 54790 | Depths:2 | 54790 ||| Stepping randomly (stuck).
 54791 | Depths:2 | 54791 ||| Stepping randomly (stuck).
 54792 | Depths:2 | 54792 ||| Stepping randomly (stuck).
 54793 | Depths:2 | 54793 ||| Stepping randomly (stuck).
 54794 | Depths:2 | 54794 ||| Stepping randomly (stuck).
 54795 | Depths:2 | 54795 ||| Stepping randomly (stuck).
 54796 | Depths:2 | 54796 ||| Stepping randomly (stuck).
 54797 | Depths:2 | 54797 ||| Stepping randomly (stuck).
 54798 | Depths:2 | 54798 ||| Stepping randomly (stuck).
 54799 | Depths:2 | 54799 ||| Stepping randomly (stuck).
 54800 | Depths:2 | 54800 ||| Stepping randomly (stuck).
 54801 | Depths:2 | 54801 ||| Stepping randomly (stuck).
 54802 | Depths:2 | 54802 ||| Stepping randomly (stuck).
 54803 | Depths:2 | 54803 ||| Stepping randomly (stuck).
 54804 | Depths:2 | 54804 ||| Stepping randomly (stuck).
 54805 | Depths:2 | 54805 ||| Stepping randomly (stuck).
 54806 | Depths:2 | 54806 ||| Stepping randomly (stuck).
 54807 | Depths:2 | 54807 ||| Stepping randomly (stuck).
 54808 | Depths:2 | 54808 ||| Stepping randomly (stuck).
 54809 | Depths:2 | 54809 ||| Stepping randomly (stuck).
 54810 | Depths:2 | 54810 ||| Stepping randomly (stuck).
 54811 | Depths:2 | 54811 ||| Stepping randomly (stuck).
 54812 | Depths:2 | 54812 ||| Stepping randomly (stuck).
 54813 | Depths:2 | 54813 ||| Stepping randomly (stuck).
 54814 | Depths:2 | 54814 ||| Stepping randomly (stuck).
 54815 | Depths:2 | 54815 ||| Stepping randomly (stuck).
 54816 | Depths:2 | 54816 ||| Stepping randomly (stuck).
 54817 | Depths:2 | 54817 ||| Stepping randomly (stuck).
 54818 | Depths:2 | 54818 ||| Stepping randomly (stuck).
 54819 | Depths:2 | 54819 ||| Stepping randomly (stuck).
 54820 | Depths:2 | 54820 ||| Stepping randomly (stuck).
 54821 | Depths:2 | 54821 ||| Stepping randomly (stuck).
 54822 | Depths:2 | 54822 ||| Stepping randomly (stuck).
 54823 | Depths:2 | 54823 ||| Stepping randomly (stuck).
 54824 | Depths:2 | 54824 ||| Stepping randomly (stuck).
 54825 | Depths:2 | 54825 ||| Stepping randomly (stuck).
 54826 | Depths:2 | 54826 ||| Stepping randomly (stuck).
 54827 | Depths:2 | 54827 ||| Stepping randomly (stuck).
 54828 | Depths:2 | 54828 ||| Stepping randomly (stuck).
 54829 | Depths:2 | 54829 ||| Stepping randomly (stuck).
 54830 | Depths:2 | 54830 ||| Stepping randomly (stuck).
 54831 | Depths:2 | 54831 ||| Stepping randomly (stuck).
 54832 | Depths:2 | 54832 ||| Stepping randomly (stuck).
 54833 | Depths:2 | 54833 ||| EATING 2 royal jellies.
 54834 | Depths:2 | 54834 ||| Stepping randomly (stuck).
 54835 | Depths:2 | 54835 ||| Stepping randomly (stuck).
 54836 | Depths:2 | 54836 ||| Stepping randomly (stuck).
 54837 | Depths:2 | 54837 ||| Stepping randomly (stuck).
 54838 | Depths:2 | 54838 ||| Stepping randomly (stuck).
 54839 | Depths:2 | 54839 ||| Stepping randomly (stuck).
 54840 | Depths:2 | 54840 ||| Stepping randomly (stuck).
 54841 | Depths:2 | 54841 ||| Stepping randomly (stuck).
 54842 | Depths:2 | 54842 ||| Stepping randomly (stuck).
 54843 | Depths:2 | 54843 ||| Stepping randomly (stuck).
 54844 | Depths:2 | 54844 ||| Stepping randomly (stuck).
 54845 | Depths:2 | 54845 ||| Stepping randomly (stuck).
 54846 | Depths:2 | 54846 ||| Stepping randomly (stuck).
 54847 | Depths:2 | 54847 ||| Stepping randomly (stuck).
 54848 | Depths:2 | 54848 ||| Stepping randomly (stuck).
 54849 | Depths:2 | 54849 ||| Stepping randomly (stuck).
 54850 | Depths:2 | 54850 ||| Stepping randomly (stuck).
 54851 | Depths:2 | 54851 ||| Stepping randomly (stuck).
 54852 | Depths:2 | 54852 ||| Stepping randomly (stuck).
 54853 | Depths:2 | 54853 ||| Stepping randomly (stuck).
 54854 | Depths:2 | 54854 ||| Stepping randomly (stuck).
 54855 | Depths:2 | 54855 ||| Stepping randomly (stuck).
 54856 | Depths:2 | 54856 ||| Stepping randomly (stuck).
 54857 | Depths:2 | 54857 ||| Stepping randomly (stuck).
 54858 | Depths:2 | 54858 ||| Stepping randomly (stuck).
 54859 | Depths:2 | 54859 ||| Stepping randomly (stuck).
 54860 | Depths:2 | 54860 ||| Stepping randomly (stuck).
 54861 | Depths:2 | 54861 ||| Stepping randomly (stuck).
 54862 | Depths:2 | 54862 ||| Stepping randomly (stuck).
 54863 | Depths:2 | 54863 ||| Stepping randomly (stuck).
 54864 | Depths:2 | 54864 ||| Stepping randomly (stuck).
 54865 | Depths:2 | 54865 ||| Stepping randomly (stuck).
 54866 | Depths:2 | 54866 ||| Stepping randomly (stuck).
 54867 | Depths:2 | 54867 ||| Stepping randomly (stuck).
 54868 | Depths:2 | 54868 ||| Stepping randomly (stuck).
 54869 | Depths:2 | 54869 ||| Stepping randomly (stuck).
 54870 | Depths:2 | 54870 ||| Stepping randomly (stuck).
 54871 | Depths:2 | 54871 ||| Stepping randomly (stuck).
 54872 | Depths:2 | 54872 ||| Stepping randomly (stuck).
 54873 | Depths:2 | 54873 ||| Stepping randomly (stuck).
 54874 | Depths:2 | 54874 ||| Stepping randomly (stuck).
 54875 | Depths:2 | 54875 ||| Stepping randomly (stuck).
 54876 | Depths:2 | 54876 ||| Stepping randomly (stuck).
 54877 | Depths:2 | 54877 ||| Stepping randomly (stuck).
 54878 | Depths:2 | 54878 ||| Stepping randomly (stuck).
 54879 | Depths:2 | 54879 ||| Stepping randomly (stuck).
 54880 | Depths:2 | 54880 ||| Stepping randomly (stuck).
 54881 | Depths:2 | 54881 ||| Stepping randomly (stuck).
 54882 | Depths:2 | 54882 ||| Stepping randomly (stuck).
 54883 | Depths:2 | 54883 ||| Stepping randomly (stuck).
 54884 | Depths:2 | 54884 ||| Stepping randomly (stuck).
 54885 | Depths:2 | 54885 ||| Stepping randomly (stuck).
 54886 | Depths:2 | 54886 ||| Stepping randomly (stuck).
 54887 | Depths:2 | 54887 ||| Stepping randomly (stuck).
 54888 | Depths:2 | 54888 ||| Stepping randomly (stuck).
 54889 | Depths:2 | 54889 ||| Stepping randomly (stuck).
 54890 | Depths:2 | 54890 ||| Stepping randomly (stuck).
 54891 | Depths:2 | 54891 ||| Stepping randomly (stuck).
 54892 | Depths:2 | 54892 ||| Stepping randomly (stuck).
 54893 | Depths:2 | 54893 ||| Stepping randomly (stuck).
 54894 | Depths:2 | 54894 ||| Stepping randomly (stuck).
 54895 | Depths:2 | 54895 ||| Stepping randomly (stuck).
 54896 | Depths:2 | 54896 ||| Stepping randomly (stuck).
 54897 | Depths:2 | 54897 ||| Stepping randomly (stuck).
 54898 | Depths:2 | 54898 ||| Stepping randomly (stuck).
 54899 | Depths:2 | 54899 ||| Stepping randomly (stuck).
 54900 | Depths:2 | 54900 ||| Stepping randomly (stuck).
 54901 | Depths:2 | 54901 ||| Stepping randomly (stuck).
 54902 | Depths:2 | 54902 ||| Stepping randomly (stuck).
 54903 | Depths:2 | 54903 ||| Stepping randomly (stuck).
 54904 | Depths:2 | 54904 ||| Stepping randomly (stuck).
 54905 | Depths:2 | 54905 ||| Stepping randomly (stuck).
 54906 | Depths:2 | 54906 ||| Stepping randomly (stuck).
 54907 | Depths:2 | 54907 ||| Stepping randomly (stuck).
 54908 | Depths:2 | 54908 ||| Stepping randomly (stuck).
 54909 | Depths:2 | 54909 ||| Stepping randomly (stuck).
 54910 | Depths:2 | 54910 ||| Stepping randomly (stuck).
 54911 | Depths:2 | 54911 ||| Stepping randomly (stuck).
 54912 | Depths:2 | 54912 ||| Stepping randomly (stuck).
 54913 | Depths:2 | 54913 ||| Stepping randomly (stuck).
 54914 | Depths:2 | 54914 ||| Stepping randomly (stuck).
 54915 | Depths:2 | 54915 ||| Stepping randomly (stuck).
 54916 | Depths:2 | 54916 ||| Stepping randomly (stuck).
 54917 | Depths:2 | 54917 ||| Stepping randomly (stuck).
 54918 | Depths:2 | 54918 ||| Stepping randomly (stuck).
 54919 | Depths:2 | 54919 ||| Stepping randomly (stuck).
 54920 | Depths:2 | 54920 ||| Stepping randomly (stuck).
 54921 | Depths:2 | 54921 ||| Stepping randomly (stuck).
 54922 | Depths:2 | 54922 ||| Stepping randomly (stuck).
 54923 | Depths:2 | 54923 ||| Stepping randomly (stuck).
 54924 | Depths:2 | 54924 ||| Stepping randomly (stuck).
 54925 | Depths:2 | 54925 ||| Stepping randomly (stuck).
 54926 | Depths:2 | 54926 ||| Stepping randomly (stuck).
 54927 | Depths:2 | 54927 ||| Stepping randomly (stuck).
 54928 | Depths:2 | 54928 ||| Stepping randomly (stuck).
 54929 | Depths:2 | 54929 ||| Stepping randomly (stuck).
 54930 | Depths:2 | 54930 ||| Stepping randomly (stuck).
 54931 | Depths:2 | 54931 ||| Stepping randomly (stuck).
 54932 | Depths:2 | 54932 ||| Stepping randomly (stuck).
 54933 | Depths:2 | 54933 ||| Stepping randomly (stuck).
 54934 | Depths:2 | 54934 ||| Stepping randomly (stuck).
 54935 | Depths:2 | 54935 ||| Stepping randomly (stuck).
 54936 | Depths:2 | 54936 ||| Stepping randomly (stuck).
 54937 | Depths:2 | 54937 ||| Stepping randomly (stuck).
 54938 | Depths:2 | 54938 ||| Stepping randomly (stuck).
 54939 | Depths:2 | 54939 ||| Stepping randomly (stuck).
 54940 | Depths:2 | 54940 ||| Stepping randomly (stuck).
 54941 | Depths:2 | 54941 ||| Stepping randomly (stuck).
 54942 | Depths:2 | 54942 ||| Stepping randomly (stuck).
 54943 | Depths:2 | 54943 ||| Stepping randomly (stuck).
 54944 | Depths:2 | 54944 ||| Stepping randomly (stuck).
 54945 | Depths:2 | 54945 ||| Stepping randomly (stuck).
 54946 | Depths:2 | 54946 ||| Stepping randomly (stuck).
 54947 | Depths:2 | 54947 ||| Stepping randomly (stuck).
 54948 | Depths:2 | 54948 ||| Stepping randomly (stuck).
 54949 | Depths:2 | 54949 ||| Stepping randomly (stuck).
 54950 | Depths:2 | 54950 ||| Stepping randomly (stuck).
 54951 | Depths:2 | 54951 ||| Stepping randomly (stuck).
 54952 | Depths:2 | 54952 ||| Stepping randomly (stuck).
 54953 | Depths:2 | 54953 ||| Stepping randomly (stuck).
 54954 | Depths:2 | 54954 ||| Stepping randomly (stuck).
 54955 | Depths:2 | 54955 ||| Stepping randomly (stuck).
 54956 | Depths:2 | 54956 ||| Stepping randomly (stuck).
 54957 | Depths:2 | 54957 ||| Stepping randomly (stuck).
 54958 | Depths:2 | 54958 ||| Stepping randomly (stuck).
 54959 | Depths:2 | 54959 ||| Stepping randomly (stuck).
 54960 | Depths:2 | 54960 ||| Stepping randomly (stuck).
 54961 | Depths:2 | 54961 ||| Stepping randomly (stuck).
 54962 | Depths:2 | 54962 ||| Stepping randomly (stuck).
 54963 | Depths:2 | 54963 ||| Stepping randomly (stuck).
 54964 | Depths:2 | 54964 ||| Stepping randomly (stuck).
 54965 | Depths:2 | 54965 ||| Stepping randomly (stuck).
 54966 | Depths:2 | 54966 ||| Stepping randomly (stuck).
 54967 | Depths:2 | 54967 ||| Stepping randomly (stuck).
 54968 | Depths:2 | 54968 ||| Stepping randomly (stuck).
 54969 | Depths:2 | 54969 ||| Stepping randomly (stuck).
 54970 | Depths:2 | 54970 ||| Stepping randomly (stuck).
 54971 | Depths:2 | 54971 ||| Stepping randomly (stuck).
 54972 | Depths:2 | 54972 ||| Stepping randomly (stuck).
 54973 | Depths:2 | 54973 ||| Stepping randomly (stuck).
 54974 | Depths:2 | 54974 ||| Stepping randomly (stuck).
 54975 | Depths:2 | 54975 ||| Stepping randomly (stuck).
 54976 | Depths:2 | 54976 ||| Stepping randomly (stuck).
 54977 | Depths:2 | 54977 ||| Stepping randomly (stuck).
 54978 | Depths:2 | 54978 ||| Stepping randomly (stuck).
 54979 | Depths:2 | 54979 ||| Stepping randomly (stuck).
 54980 | Depths:2 | 54980 ||| Stepping randomly (stuck).
 54981 | Depths:2 | 54981 ||| Stepping randomly (stuck).
 54982 | Depths:2 | 54982 ||| Stepping randomly (stuck).
 54983 | Depths:2 | 54983 ||| Stepping randomly (stuck).
 54984 | Depths:2 | 54984 ||| Stepping randomly (stuck).
 54985 | Depths:2 | 54985 ||| Stepping randomly (stuck).
 54986 | Depths:2 | 54986 ||| Stepping randomly (stuck).
 54987 | Depths:2 | 54987 ||| Stepping randomly (stuck).
 54988 | Depths:2 | 54988 ||| Stepping randomly (stuck).
 54989 | Depths:2 | 54989 ||| Stepping randomly (stuck).
 54990 | Depths:2 | 54990 ||| Stepping randomly (stuck).
 54991 | Depths:2 | 54991 ||| Stepping randomly (stuck).
 54992 | Depths:2 | 54992 ||| Stepping randomly (stuck).
 54993 | Depths:2 | 54993 ||| Stepping randomly (stuck).
 54994 | Depths:2 | 54994 ||| Stepping randomly (stuck).
 54995 | Depths:2 | 54995 ||| Stepping randomly (stuck).
 54996 | Depths:2 | 54996 ||| Stepping randomly (stuck).
 54997 | Depths:2 | 54997 ||| Stepping randomly (stuck).
 54998 | Depths:2 | 54998 ||| Stepping randomly (stuck).
 54999 | Depths:2 | 54999 ||| Stepping randomly (stuck).
 55000 | Depths:2 | 55000 ||| Stepping randomly (stuck).
 55001 | Depths:2 | 55001 ||| Stepping randomly (stuck).
 55002 | Depths:2 | 55002 ||| Stepping randomly (stuck).
 55003 | Depths:2 | 55003 ||| Stepping randomly (stuck).
 55004 | Depths:2 | 55004 ||| Stepping randomly (stuck).
 55005 | Depths:2 | 55005 ||| Stepping randomly (stuck).
 55006 | Depths:2 | 55006 ||| Stepping randomly (stuck).
 55007 | Depths:2 | 55007 ||| Stepping randomly (stuck).
 55008 | Depths:2 | 55008 ||| Stepping randomly (stuck).
 55009 | Depths:2 | 55009 ||| Stepping randomly (stuck).
 55010 | Depths:2 | 55010 ||| Stepping randomly (stuck).
 55011 | Depths:2 | 55011 ||| Stepping randomly (stuck).
 55012 | Depths:2 | 55012 ||| Stepping randomly (stuck).
 55013 | Depths:2 | 55013 ||| Stepping randomly (stuck).
 55014 | Depths:2 | 55014 ||| Stepping randomly (stuck).
 55015 | Depths:2 | 55015 ||| Stepping randomly (stuck).
 55016 | Depths:2 | 55016 ||| Stepping randomly (stuck).
 55017 | Depths:2 | 55017 ||| Stepping randomly (stuck).
 55018 | Depths:2 | 55018 ||| Stepping randomly (stuck).
 55019 | Depths:2 | 55019 ||| Stepping randomly (stuck).
 55020 | Depths:2 | 55020 ||| Stepping randomly (stuck).
 55021 | Depths:2 | 55021 ||| Stepping randomly (stuck).
 55022 | Depths:2 | 55022 ||| Stepping randomly (stuck).
 55023 | Depths:2 | 55023 ||| Stepping randomly (stuck).
 55024 | Depths:2 | 55024 ||| Stepping randomly (stuck).
 55025 | Depths:2 | 55025 ||| Stepping randomly (stuck).
 55026 | Depths:2 | 55026 ||| Stepping randomly (stuck).
 55027 | Depths:2 | 55027 ||| Stepping randomly (stuck).
 55028 | Depths:2 | 55028 ||| Stepping randomly (stuck).
 55029 | Depths:2 | 55029 ||| Stepping randomly (stuck).
 55030 | Depths:2 | 55030 ||| Stepping randomly (stuck).
 55031 | Depths:2 | 55031 ||| Stepping randomly (stuck).
 55032 | Depths:2 | 55032 ||| Stepping randomly (stuck).
 55033 | Depths:2 | 55033 ||| Stepping randomly (stuck).
 55034 | Depths:2 | 55034 ||| Stepping randomly (stuck).
 55035 | Depths:2 | 55035 ||| Stepping randomly (stuck).
 55036 | Depths:2 | 55036 ||| Stepping randomly (stuck).
 55037 | Depths:2 | 55037 ||| Stepping randomly (stuck).
 55038 | Depths:2 | 55038 ||| Stepping randomly (stuck).
 55039 | Depths:2 | 55039 ||| Stepping randomly (stuck).
 55040 | Depths:2 | 55040 ||| Stepping randomly (stuck).
 55041 | Depths:2 | 55041 ||| Stepping randomly (stuck).
 55042 | Depths:2 | 55042 ||| Stepping randomly (stuck).
 55043 | Depths:2 | 55043 ||| Stepping randomly (stuck).
 55044 | Depths:2 | 55044 ||| Stepping randomly (stuck).
 55045 | Depths:2 | 55045 ||| Stepping randomly (stuck).
 55046 | Depths:2 | 55046 ||| Stepping randomly (stuck).
 55047 | Depths:2 | 55047 ||| Stepping randomly (stuck).
 55048 | Depths:2 | 55048 ||| Stepping randomly (stuck).
 55049 | Depths:2 | 55049 ||| Stepping randomly (stuck).
 55050 | Depths:2 | 55050 ||| Stepping randomly (stuck).
 55051 | Depths:2 | 55051 ||| Stepping randomly (stuck).
 55052 | Depths:2 | 55052 ||| Stepping randomly (stuck).
 55053 | Depths:2 | 55053 ||| Stepping randomly (stuck).
 55054 | Depths:2 | 55054 ||| Stepping randomly (stuck).
 55055 | Depths:2 | 55055 ||| Stepping randomly (stuck).
 55056 | Depths:2 | 55056 ||| Stepping randomly (stuck).
 55057 | Depths:2 | 55057 ||| Stepping randomly (stuck).
 55058 | Depths:2 | 55058 ||| Stepping randomly (stuck).
 55059 | Depths:2 | 55059 ||| Stepping randomly (stuck).
 55060 | Depths:2 | 55060 ||| Stepping randomly (stuck).
 55061 | Depths:2 | 55061 ||| Stepping randomly (stuck).
 55062 | Depths:2 | 55062 ||| Stepping randomly (stuck).
 55063 | Depths:2 | 55063 ||| Stepping randomly (stuck).
 55064 | Depths:2 | 55064 ||| Stepping randomly (stuck).
 55065 | Depths:2 | 55065 ||| Stepping randomly (stuck).
 55066 | Depths:2 | 55066 ||| Stepping randomly (stuck).
 55067 | Depths:2 | 55067 ||| Stepping randomly (stuck).
 55068 | Depths:2 | 55068 ||| Stepping randomly (stuck).
 55069 | Depths:2 | 55069 ||| Stepping randomly (stuck).
 55070 | Depths:2 | 55070 ||| Stepping randomly (stuck).
 55071 | Depths:2 | 55071 ||| Stepping randomly (stuck).
 55072 | Depths:2 | 55072 ||| Stepping randomly (stuck).
 55073 | Depths:2 | 55073 ||| Stepping randomly (stuck).
 55074 | Depths:2 | 55074 ||| Stepping randomly (stuck).
 55075 | Depths:2 | 55075 ||| Stepping randomly (stuck).
 55076 | Depths:2 | 55076 ||| Stepping randomly (stuck).
 55077 | Depths:2 | 55077 ||| Stepping randomly (stuck).
 55078 | Depths:2 | 55078 ||| Stepping randomly (stuck).
 55079 | Depths:2 | 55079 ||| Stepping randomly (stuck).
 55080 | Depths:2 | 55080 ||| Stepping randomly (stuck).
 55081 | Depths:2 | 55081 ||| Stepping randomly (stuck).
 55082 | Depths:2 | 55082 ||| Stepping randomly (stuck).
 55083 | Depths:2 | 55083 ||| Stepping randomly (stuck).
 55084 | Depths:2 | 55084 ||| Stepping randomly (stuck).
 55085 | Depths:2 | 55085 ||| Stepping randomly (stuck).
 55086 | Depths:2 | 55086 ||| Stepping randomly (stuck).
 55087 | Depths:2 | 55087 ||| Stepping randomly (stuck).
 55088 | Depths:2 | 55088 ||| Stepping randomly (stuck).
 55089 | Depths:2 | 55089 ||| Stepping randomly (stuck).
 55090 | Depths:2 | 55090 ||| Stepping randomly (stuck).
 55091 | Depths:2 | 55091 ||| Stepping randomly (stuck).
 55092 | Depths:2 | 55092 ||| Stepping randomly (stuck).
 55093 | Depths:2 | 55093 ||| Stepping randomly (stuck).
 55094 | Depths:2 | 55094 ||| Stepping randomly (stuck).
 55095 | Depths:2 | 55095 ||| Stepping randomly (stuck).
 55096 | Depths:2 | 55096 ||| Stepping randomly (stuck).
 55097 | Depths:2 | 55097 ||| Stepping randomly (stuck).
 55098 | Depths:2 | 55098 ||| Stepping randomly (stuck).
 55099 | Depths:2 | 55099 ||| Stepping randomly (stuck).
 55100 | Depths:2 | 55100 ||| Stepping randomly (stuck).
 55101 | Depths:2 | 55101 ||| Stepping randomly (stuck).
 55102 | Depths:2 | 55102 ||| Stepping randomly (stuck).
 55103 | Depths:2 | 55103 ||| Stepping randomly (stuck).
 55104 | Depths:2 | 55104 ||| Stepping randomly (stuck).
 55105 | Depths:2 | 55105 ||| Stepping randomly (stuck).
 55106 | Depths:2 | 55106 ||| Stepping randomly (stuck).
 55107 | Depths:2 | 55107 ||| Stepping randomly (stuck).
 55108 | Depths:2 | 55108 ||| Stepping randomly (stuck).
 55109 | Depths:2 | 55109 ||| Stepping randomly (stuck).
 55110 | Depths:2 | 55110 ||| Stepping randomly (stuck).
 55111 | Depths:2 | 55111 ||| Stepping randomly (stuck).
 55112 | Depths:2 | 55112 ||| Stepping randomly (stuck).
 55113 | Depths:2 | 55113 ||| Stepping randomly (stuck).
 55114 | Depths:2 | 55114 ||| Stepping randomly (stuck).
 55115 | Depths:2 | 55115 ||| Stepping randomly (stuck).
 55116 | Depths:2 | 55116 ||| Stepping randomly (stuck).
 55117 | Depths:2 | 55117 ||| Stepping randomly (stuck).
 55118 | Depths:2 | 55118 ||| Stepping randomly (stuck).
 55119 | Depths:2 | 55119 ||| Stepping randomly (stuck).
 55120 | Depths:2 | 55120 ||| Stepping randomly (stuck).
 55121 | Depths:2 | 55121 ||| Stepping randomly (stuck).
 55122 | Depths:2 | 55122 ||| Stepping randomly (stuck).
 55123 | Depths:2 | 55123 ||| Stepping randomly (stuck).
 55124 | Depths:2 | 55124 ||| Stepping randomly (stuck).
 55125 | Depths:2 | 55125 ||| Stepping randomly (stuck).
 55126 | Depths:2 | 55126 ||| Stepping randomly (stuck).
 55127 | Depths:2 | 55127 ||| Stepping randomly (stuck).
 55128 | Depths:2 | 55128 ||| Stepping randomly (stuck).
 55129 | Depths:2 | 55129 ||| Stepping randomly (stuck).
 55130 | Depths:2 | 55130 ||| Stepping randomly (stuck).
 55131 | Depths:2 | 55131 ||| Stepping randomly (stuck).
 55132 | Depths:2 | 55132 ||| Stepping randomly (stuck).
 55133 | Depths:2 | 55133 ||| Stepping randomly (stuck).
 55134 | Depths:2 | 55134 ||| Stepping randomly (stuck).
 55135 | Depths:2 | 55135 ||| Stepping randomly (stuck).
 55136 | Depths:2 | 55136 ||| Stepping randomly (stuck).
 55137 | Depths:2 | 55137 ||| Stepping randomly (stuck).
 55138 | Depths:2 | 55138 ||| Stepping randomly (stuck).
 55139 | Depths:2 | 55139 ||| Stepping randomly (stuck).
 55140 | Depths:2 | 55140 ||| Stepping randomly (stuck).
 55141 | Depths:2 | 55141 ||| Stepping randomly (stuck).
 55142 | Depths:2 | 55142 ||| Stepping randomly (stuck).
 55143 | Depths:2 | 55143 ||| Stepping randomly (stuck).
 55144 | Depths:2 | 55144 ||| Stepping randomly (stuck).
 55145 | Depths:2 | 55145 ||| Stepping randomly (stuck).
 55146 | Depths:2 | 55146 ||| Stepping randomly (stuck).
 55147 | Depths:2 | 55147 ||| Stepping randomly (stuck).
 55148 | Depths:2 | 55148 ||| Stepping randomly (stuck).
 55149 | Depths:2 | 55149 ||| Stepping randomly (stuck).
 55150 | Depths:2 | 55150 ||| Stepping randomly (stuck).
 55151 | Depths:2 | 55151 ||| Stepping randomly (stuck).
 55152 | Depths:2 | 55152 ||| Stepping randomly (stuck).
 55153 | Depths:2 | 55153 ||| Stepping randomly (stuck).
 55154 | Depths:2 | 55154 ||| Stepping randomly (stuck).
 55155 | Depths:2 | 55155 ||| Stepping randomly (stuck).
 55156 | Depths:2 | 55156 ||| Stepping randomly (stuck).
 55157 | Depths:2 | 55157 ||| Stepping randomly (stuck).
 55158 | Depths:2 | 55158 ||| Stepping randomly (stuck).
 55159 | Depths:2 | 55159 ||| Stepping randomly (stuck).
 55160 | Depths:2 | 55160 ||| Stepping randomly (stuck).
 55161 | Depths:2 | 55161 ||| Stepping randomly (stuck).
 55162 | Depths:2 | 55162 ||| Stepping randomly (stuck).
 55163 | Depths:2 | 55163 ||| Stepping randomly (stuck).
 55164 | Depths:2 | 55164 ||| Stepping randomly (stuck).
 55165 | Depths:2 | 55165 ||| Stepping randomly (stuck).
 55166 | Depths:2 | 55166 ||| Stepping randomly (stuck).
 55167 | Depths:2 | 55167 ||| Stepping randomly (stuck).
 55168 | Depths:2 | 55168 ||| Stepping randomly (stuck).
 55169 | Depths:2 | 55169 ||| Stepping randomly (stuck).
 55170 | Depths:2 | 55170 ||| Stepping randomly (stuck).
 55171 | Depths:2 | 55171 ||| Stepping randomly (stuck).
 55172 | Depths:2 | 55172 ||| Stepping randomly (stuck).
 55173 | Depths:2 | 55173 ||| Stepping randomly (stuck).
 55174 | Depths:2 | 55174 ||| Stepping randomly (stuck).
 55175 | Depths:2 | 55175 ||| Stepping randomly (stuck).
 55176 | Depths:2 | 55176 ||| Stepping randomly (stuck).
 55177 | Depths:2 | 55177 ||| Stepping randomly (stuck).
 55178 | Depths:2 | 55178 ||| Stepping randomly (stuck).
 55179 | Depths:2 | 55179 ||| Stepping randomly (stuck).
 55180 | Depths:2 | 55180 ||| Stepping randomly (stuck).
 55181 | Depths:2 | 55181 ||| Stepping randomly (stuck).
 55182 | Depths:2 | 55182 ||| Stepping randomly (stuck).
 55183 | Depths:2 | 55183 ||| Stepping randomly (stuck).
 55184 | Depths:2 | 55184 ||| Stepping randomly (stuck).
 55185 | Depths:2 | 55185 ||| Stepping randomly (stuck).
 55186 | Depths:2 | 55186 ||| Stepping randomly (stuck).
 55187 | Depths:2 | 55187 ||| Stepping randomly (stuck).
 55188 | Depths:2 | 55188 ||| Stepping randomly (stuck).
 55189 | Depths:2 | 55189 ||| Stepping randomly (stuck).
 55190 | Depths:2 | 55190 ||| Stepping randomly (stuck).
 55191 | Depths:2 | 55191 ||| Stepping randomly (stuck).
 55192 | Depths:2 | 55192 ||| Stepping randomly (stuck).
 55193 | Depths:2 | 55193 ||| Stepping randomly (stuck).
 55194 | Depths:2 | 55194 ||| Stepping randomly (stuck).
 55195 | Depths:2 | 55195 ||| Stepping randomly (stuck).
 55196 | Depths:2 | 55196 ||| Stepping randomly (stuck).
 55197 | Depths:2 | 55197 ||| Stepping randomly (stuck).
 55198 | Depths:2 | 55198 ||| Stepping randomly (stuck).
 55199 | Depths:2 | 55199 ||| Stepping randomly (stuck).
 55200 | Depths:2 | 55200 ||| Stepping randomly (stuck).
 55201 | Depths:2 | 55201 ||| Stepping randomly (stuck).
 55202 | Depths:2 | 55202 ||| Stepping randomly (stuck).
 55203 | Depths:2 | 55203 ||| Stepping randomly (stuck).
 55204 | Depths:2 | 55204 ||| Stepping randomly (stuck).
 55205 | Depths:2 | 55205 ||| Stepping randomly (stuck).
 55206 | Depths:2 | 55206 ||| Stepping randomly (stuck).
 55207 | Depths:2 | 55207 ||| Stepping randomly (stuck).
 55208 | Depths:2 | 55208 ||| Stepping randomly (stuck).
 55209 | Depths:2 | 55209 ||| Stepping randomly (stuck).
 55210 | Depths:2 | 55210 ||| Stepping randomly (stuck).
 55211 | Depths:2 | 55211 ||| Stepping randomly (stuck).
 55212 | Depths:2 | 55212 ||| Stepping randomly (stuck).
 55213 | Depths:2 | 55213 ||| Stepping randomly (stuck).
 55214 | Depths:2 | 55214 ||| Stepping randomly (stuck).
 55215 | Depths:2 | 55215 ||| Stepping randomly (stuck).
 55216 | Depths:2 | 55216 ||| Stepping randomly (stuck).
 55217 | Depths:2 | 55217 ||| Stepping randomly (stuck).
 55218 | Depths:2 | 55218 ||| Stepping randomly (stuck).
 55219 | Depths:2 | 55219 ||| Stepping randomly (stuck).
 55220 | Depths:2 | 55220 ||| Stepping randomly (stuck).
 55221 | Depths:2 | 55221 ||| Stepping randomly (stuck).
 55222 | Depths:2 | 55222 ||| Stepping randomly (stuck).
 55223 | Depths:2 | 55223 ||| Stepping randomly (stuck).
 55224 | Depths:2 | 55224 ||| Stepping randomly (stuck).
 55225 | Depths:2 | 55225 ||| Stepping randomly (stuck).
 55226 | Depths:2 | 55226 ||| Stepping randomly (stuck).
 55227 | Depths:2 | 55227 ||| Stepping randomly (stuck).
 55228 | Depths:2 | 55228 ||| Stepping randomly (stuck).
 55229 | Depths:2 | 55229 ||| Stepping randomly (stuck).
 55230 | Depths:2 | 55230 ||| Stepping randomly (stuck).
 55231 | Depths:2 | 55231 ||| Stepping randomly (stuck).
 55232 | Depths:2 | 55232 ||| Stepping randomly (stuck).
 55233 | Depths:2 | 55233 ||| Stepping randomly (stuck).
 55234 | Depths:2 | 55234 ||| Stepping randomly (stuck).
 55235 | Depths:2 | 55235 ||| Stepping randomly (stuck).
 55236 | Depths:2 | 55236 ||| Stepping randomly (stuck).
 55237 | Depths:2 | 55237 ||| Stepping randomly (stuck).
 55238 | Depths:2 | 55238 ||| Stepping randomly (stuck).
 55239 | Depths:2 | 55239 ||| Stepping randomly (stuck).
 55240 | Depths:2 | 55240 ||| Stepping randomly (stuck).
 55241 | Depths:2 | 55241 ||| Stepping randomly (stuck).
 55242 | Depths:2 | 55242 ||| Stepping randomly (stuck).
 55243 | Depths:2 | 55243 ||| Stepping randomly (stuck).
 55244 | Depths:2 | 55244 ||| Stepping randomly (stuck).
 55245 | Depths:2 | 55245 ||| Stepping randomly (stuck).
 55246 | Depths:2 | 55246 ||| Stepping randomly (stuck).
 55247 | Depths:2 | 55247 ||| Stepping randomly (stuck).
 55248 | Depths:2 | 55248 ||| Stepping randomly (stuck).
 55249 | Depths:2 | 55249 ||| Stepping randomly (stuck).
 55250 | Depths:2 | 55250 ||| Stepping randomly (stuck).
 55251 | Depths:2 | 55251 ||| Stepping randomly (stuck).
 55252 | Depths:2 | 55252 ||| Stepping randomly (stuck).
 55253 | Depths:2 | 55253 ||| Stepping randomly (stuck).
 55254 | Depths:2 | 55254 ||| Stepping randomly (stuck).
 55255 | Depths:2 | 55255 ||| Stepping randomly (stuck).
 55256 | Depths:2 | 55256 ||| Stepping randomly (stuck).
 55257 | Depths:2 | 55257 ||| Stepping randomly (stuck).
 55258 | Depths:2 | 55258 ||| Stepping randomly (stuck).
 55259 | Depths:2 | 55259 ||| Stepping randomly (stuck).
 55260 | Depths:2 | 55260 ||| Stepping randomly (stuck).
 55261 | Depths:2 | 55261 ||| Stepping randomly (stuck).
 55262 | Depths:2 | 55262 ||| Stepping randomly (stuck).
 55263 | Depths:2 | 55263 ||| Stepping randomly (stuck).
 55264 | Depths:2 | 55264 ||| Stepping randomly (stuck).
 55265 | Depths:2 | 55265 ||| Stepping randomly (stuck).
 55266 | Depths:2 | 55266 ||| Stepping randomly (stuck).
 55267 | Depths:2 | 55267 ||| Stepping randomly (stuck).
 55268 | Depths:2 | 55268 ||| Stepping randomly (stuck).
 55269 | Depths:2 | 55269 ||| Stepping randomly (stuck).
 55270 | Depths:2 | 55270 ||| Stepping randomly (stuck).
 55271 | Depths:2 | 55271 ||| Stepping randomly (stuck).
 55272 | Depths:2 | 55272 ||| Stepping randomly (stuck).
 55273 | Depths:2 | 55273 ||| Stepping randomly (stuck).
 55274 | Depths:2 | 55274 ||| Stepping randomly (stuck).
 55275 | Depths:2 | 55275 ||| Stepping randomly (stuck).
 55276 | Depths:2 | 55276 ||| Stepping randomly (stuck).
 55277 | Depths:2 | 55277 ||| Stepping randomly (stuck).
 55278 | Depths:2 | 55278 ||| Stepping randomly (stuck).
 55279 | Depths:2 | 55279 ||| Stepping randomly (stuck).
 55280 | Depths:2 | 55280 ||| Stepping randomly (stuck).
 55281 | Depths:2 | 55281 ||| Stepping randomly (stuck).
 55282 | Depths:2 | 55282 ||| Stepping randomly (stuck).
 55283 | Depths:2 | 55283 ||| Stepping randomly (stuck).
 55284 | Depths:2 | 55284 ||| Stepping randomly (stuck).
 55285 | Depths:2 | 55285 ||| Stepping randomly (stuck).
 55286 | Depths:2 | 55286 ||| Stepping randomly (stuck).
 55287 | Depths:2 | 55287 ||| Stepping randomly (stuck).
 55288 | Depths:2 | 55288 ||| Stepping randomly (stuck).
 55289 | Depths:2 | 55289 ||| Stepping randomly (stuck).
 55290 | Depths:2 | 55290 ||| Stepping randomly (stuck).
 55291 | Depths:2 | 55291 ||| Stepping randomly (stuck).
 55292 | Depths:2 | 55292 ||| Stepping randomly (stuck).
 55293 | Depths:2 | 55293 ||| Stepping randomly (stuck).
 55294 | Depths:2 | 55294 ||| Stepping randomly (stuck).
 55295 | Depths:2 | 55295 ||| Stepping randomly (stuck).
 55296 | Depths:2 | 55296 ||| Stepping randomly (stuck).
 55297 | Depths:2 | 55297 ||| Stepping randomly (stuck).
 55298 | Depths:2 | 55298 ||| Stepping randomly (stuck).
 55299 | Depths:2 | 55299 ||| Stepping randomly (stuck).
 55300 | Depths:2 | 55300 ||| Stepping randomly (stuck).
 55301 | Depths:2 | 55301 ||| Stepping randomly (stuck).
 55302 | Depths:2 | 55302 ||| Stepping randomly (stuck).
 55303 | Depths:2 | 55303 ||| Stepping randomly (stuck).
 55304 | Depths:2 | 55304 ||| Stepping randomly (stuck).
 55305 | Depths:2 | 55305 ||| Stepping randomly (stuck).
 55306 | Depths:2 | 55306 ||| Stepping randomly (stuck).
 55307 | Depths:2 | 55307 ||| Stepping randomly (stuck).
 55308 | Depths:2 | 55308 ||| Stepping randomly (stuck).
 55309 | Depths:2 | 55309 ||| Stepping randomly (stuck).
 55310 | Depths:2 | 55310 ||| Stepping randomly (stuck).
 55311 | Depths:2 | 55311 ||| Stepping randomly (stuck).
 55312 | Depths:2 | 55312 ||| Stepping randomly (stuck).
 55313 | Depths:2 | 55313 ||| Stepping randomly (stuck).
 55314 | Depths:2 | 55314 ||| Stepping randomly (stuck).
 55315 | Depths:2 | 55315 ||| Stepping randomly (stuck).
 55316 | Depths:2 | 55316 ||| Stepping randomly (stuck).
 55317 | Depths:2 | 55317 ||| Stepping randomly (stuck).
 55318 | Depths:2 | 55318 ||| Stepping randomly (stuck).
 55319 | Depths:2 | 55319 ||| Stepping randomly (stuck).
 55320 | Depths:2 | 55320 ||| Stepping randomly (stuck).
 55321 | Depths:2 | 55321 ||| Stepping randomly (stuck).
 55322 | Depths:2 | 55322 ||| Stepping randomly (stuck).
 55323 | Depths:2 | 55323 ||| Stepping randomly (stuck).
 55324 | Depths:2 | 55324 ||| Stepping randomly (stuck).
 55325 | Depths:2 | 55325 ||| Stepping randomly (stuck).
 55326 | Depths:2 | 55326 ||| Stepping randomly (stuck).
 55327 | Depths:2 | 55327 ||| Stepping randomly (stuck).
 55328 | Depths:2 | 55328 ||| Stepping randomly (stuck).
 55329 | Depths:2 | 55329 ||| Stepping randomly (stuck).
 55330 | Depths:2 | 55330 ||| Stepping randomly (stuck).
 55331 | Depths:2 | 55331 ||| Stepping randomly (stuck).
 55332 | Depths:2 | 55332 ||| Stepping randomly (stuck).
 55333 | Depths:2 | 55333 ||| Stepping randomly (stuck).
 55334 | Depths:2 | 55334 ||| Stepping randomly (stuck).
 55335 | Depths:2 | 55335 ||| Stepping randomly (stuck).
 55336 | Depths:2 | 55336 ||| Stepping randomly (stuck).
 55337 | Depths:2 | 55337 ||| Stepping randomly (stuck).
 55338 | Depths:2 | 55338 ||| Stepping randomly (stuck).
 55339 | Depths:2 | 55339 ||| Stepping randomly (stuck).
 55340 | Depths:2 | 55340 ||| Stepping randomly (stuck).
 55341 | Depths:2 | 55341 ||| Stepping randomly (stuck).
 55342 | Depths:2 | 55342 ||| Stepping randomly (stuck).
 55343 | Depths:2 | 55343 ||| Stepping randomly (stuck).
 55344 | Depths:2 | 55344 ||| Stepping randomly (stuck).
 55345 | Depths:2 | 55345 ||| Stepping randomly (stuck).
 55346 | Depths:2 | 55346 ||| Stepping randomly (stuck).
 55347 | Depths:2 | 55347 ||| Stepping randomly (stuck).
 55348 | Depths:2 | 55348 ||| Stepping randomly (stuck).
 55349 | Depths:2 | 55349 ||| Stepping randomly (stuck).
 55350 | Depths:2 | 55350 ||| Stepping randomly (stuck).
 55381 | Depths:2 | 55381 ||| INVOKING Trog's Hand.
 55382 | Depths:2 | 55382 ||| INVOKING Brothers in Arms.
 55383 | Depths:2 | 55383 ||| INVOKING Berserk.
 55491 | Depths:2 | 55491 ||| Stepping randomly (stuck).
 55492 | Depths:2 | 55492 ||| Stepping randomly (stuck).
 55493 | Depths:2 | 55493 ||| Stepping randomly (stuck).
 55494 | Depths:2 | 55494 ||| Stepping randomly (stuck).
 55495 | Depths:2 | 55495 ||| Stepping randomly (stuck).
 55496 | Depths:2 | 55496 ||| Stepping randomly (stuck).
 55506 | Depths:3 | 55506 ||| STAIRDANCE
 55513 | Depths:2 | 55513 ||| Stepping randomly (stuck).
 55514 | Depths:2 | 55514 ||| Stepping randomly (stuck).
 55515 | Depths:2 | 55515 ||| Stepping randomly (stuck).
 55516 | Depths:2 | 55516 ||| Stepping randomly (stuck).
 55517 | Depths:2 | 55517 ||| Stepping randomly (stuck).
 55518 | Depths:2 | 55518 ||| Stepping randomly (stuck).
 55519 | Depths:2 | 55519 ||| Stepping randomly (stuck).
 55520 | Depths:2 | 55520 ||| Stepping randomly (stuck).
 55528 | Depths:3 | 55528 ||| STAIRDANCE
 55543 | Depths:2 | 55543 ||| Stepping randomly (stuck).
 55564 | Depths:3 | Found a one-way gate leading to the halls of Pandemonium.
 55634 | Depths:3 | Found a transporter.
 55638 | Depths:3 | Found a corrupted altar of Lugonu.
 55660 | Depths:3 | 55660 ||| INVOKING Brothers in Arms.
 55675 | Depths:3 | 55675 ||| INVOKING Trog's Hand.
 55698 | Depths:3 | 55698 ||| Stepping ~*~*~tactically~*~*~ (cloud).
 55701 | Depths:3 | 55701 ||| INVOKING Brothers in Arms.
 56070 | Depths:3 | 56070 ||| INVOKING Berserk.
 56072 | Depths:3 | 56072 ||| EATING royal jelly.
 56262 | Depths:3 | 56262 ||| INVOKING Trog's Hand.
 56451 | Depths:3 | 56451 ||| Stepping randomly (stuck).
 56452 | Depths:3 | 56452 ||| Stepping randomly (stuck).
 56453 | Depths:3 | 56453 ||| Stepping randomly (stuck).
 56454 | Depths:3 | 56454 ||| Stepping randomly (stuck).
 56455 | Depths:3 | 56455 ||| Stepping randomly (stuck).
 56456 | Depths:3 | 56456 ||| Stepping randomly (stuck).
 56457 | Depths:3 | 56457 ||| Stepping randomly (stuck).
 56458 | Depths:3 | 56458 ||| Stepping randomly (stuck).
 56459 | Depths:3 | 56459 ||| Stepping randomly (stuck).
 56460 | Depths:3 | 56460 ||| Stepping randomly (stuck).
 56461 | Depths:3 | 56461 ||| Stepping randomly (stuck).
 56462 | Depths:3 | 56462 ||| Stepping randomly (stuck).
 56463 | Depths:3 | 56463 ||| Stepping randomly (stuck).
 56464 | Depths:3 | 56464 ||| Stepping randomly (stuck).
 56465 | Depths:3 | 56465 ||| Stepping randomly (stuck).
 56466 | Depths:3 | 56466 ||| Stepping randomly (stuck).
 56467 | Depths:3 | 56467 ||| Stepping randomly (stuck).
 56468 | Depths:3 | 56468 ||| Stepping randomly (stuck).
 56469 | Depths:3 | 56469 ||| Stepping randomly (stuck).
 56470 | Depths:3 | 56470 ||| Stepping randomly (stuck).
 56471 | Depths:3 | 56471 ||| Stepping randomly (stuck).
 56472 | Depths:3 | 56472 ||| Stepping randomly (stuck).
 56648 | Depths:3 | Lost mutation: Your flesh is heat resistant. (rF+) [potion of mutation]
 56648 | Depths:3 | Lost mutation: Your movements are slightly less encumbered by armour. (ER -2) [potion of mutation]
 56648 | Depths:3 | Gained mutation: You are clumsy. (Dex -2) [potion of mutation]
 56648 | Depths:3 | Gained mutation: Your body sometimes deteriorates upon taking damage. [potion of mutation]
 56648 | Depths:3 | Gained mutation: You expend magic power (3 MP) to strengthen your wands. [potion of mutation]
 56648 | Depths:3 | Gained mutation: You are robust. (+10% HP) [potion of mutation]
 56649 | Depths:3 | Lost mutation: You are robust. (+10% HP) [potion of mutation]
 56649 | Depths:3 | Lost mutation: You expend magic power (3 MP) to strengthen your wands. [potion of mutation]
 56649 | Depths:3 | Gained mutation: Your spells are a little harder to cast, but a little more powerful. [potion of mutation]
 56649 | Depths:3 | Gained mutation: Potions are less effective at restoring your health. [potion of mutation]
 56649 | Depths:3 | Gained mutation: You have a pair of small horns on your head. [potion of mutation]
 56650 | Depths:3 | Lost mutation: Your body sometimes deteriorates upon taking damage. [potion of mutation]
 56650 | Depths:3 | Lost mutation: Your spells are a little harder to cast, but a little more powerful. [potion of mutation]
 56650 | Depths:3 | Lost mutation: You are clumsy. (Dex -2) [potion of mutation]
 56650 | Depths:3 | Gained mutation: You are partially covered in slimy green scales. (AC +2) [potion of mutation]
 56650 | Depths:3 | Gained mutation: You are partially covered in yellow scales. (AC +2) [potion of mutation]
 56651 | Depths:3 | Lost mutation: Potions are less effective at restoring your health. [potion of mutation]
 56651 | Depths:3 | Lost mutation: You are partially covered in slimy green scales. (AC +2) [potion of mutation]
 56651 | Depths:3 | Lost mutation: You have a pair of small horns on your head. [potion of mutation]
 56651 | Depths:3 | Lost mutation: You are partially covered in yellow scales. (AC +2) [potion of mutation]
 56651 | Depths:3 | Gained mutation: You are clumsy. (Dex -2) [potion of mutation]
 56651 | Depths:3 | Gained mutation: Your mind is acute. (Int +2) [potion of mutation]
 56651 | Depths:3 | Gained mutation: You have a pair of small antennae on your head. [potion of mutation]
 56652 | Depths:3 | Lost mutation: You are clumsy. (Dex -2) [potion of mutation]
 56652 | Depths:3 | Lost mutation: Your mind is acute. (Int +2) [potion of mutation]
 56652 | Depths:3 | Lost mutation: You have a pair of small antennae on your head. [potion of mutation]
 56652 | Depths:3 | Gained mutation: You are somewhat resistant to further mutation. [potion of mutation]
 56677 | Depths:3 | Reached XP level 23. HP: 160/160 MP: 19/23
 56701 | Depths:3 | Found a transporter.
 56718 | Depths:3 | Found the +10 morningstar "Eos" {elec, Halo rElec}
 57055 | Depths:4 | Found Ilamool's Book Shoppe.
 57149 | Depths:4 | Received a gift from Trog
 57548 | Depths:4 | Noticed a golden dragon
 57563 | Depths:4 | Noticed a golden dragon
 57571 | Depths:4 | Killed a golden dragon
 57594 | Depths:4 | Killed a golden dragon
 57605 | Depths:4 | Found a snail-covered altar of Cheibriados.
 57679 | Depths:4 | Got a warped amethyst amulet
 57808 | Depths:4 | Reached ****** piety under Trog
 57815 | Depths:4 | Noticed Louise
 57840 | Depths:4 | Cast into level 2 of the Abyss (Louise)
 57840 | Abyss:2  | Found a corrupted altar of Lugonu.
 57912 | Abyss:2  | Got a dazzling helmet
 57935 | Depths:4 | Escaped the Abyss
 57939 | Depths:4 | Killed Louise
 57942 | Depths:4 | Identified the cursed +0 helmet of Jualiw {+Fly rC+ MP+9 Slay+2} (You found it on level 2 of the Abyss)
 57943 | Depths:4 | Identified the amulet of Plog {Faith rElec} (You took it off a centaur on level 4 of the Depths)
 58014 | Depths:4 | Received a gift from Trog
 58641 | Depths:4 | Received a gift from Trog
 58739 | Depths:4 | Found a shadowy altar of Dithmenos.
 58836 | Depths:5 | Entered Level 5 of the Depths
 58836 | Depths:5 | Noticed a caustic shrike
 58836 | Depths:5 | Noticed a caustic shrike
 58836 | Depths:5 | Noticed a caustic shrike
 58836 | Depths:5 | Noticed a caustic shrike
 58836 | Depths:5 | Noticed a caustic shrike
 58865 | Depths:4 | Killed a caustic shrike
 58865 | Depths:4 | Reached XP level 24. HP: 162/166 MP: 23/23
 58910 | Depths:4 | Killed a caustic shrike
 58971 | Depths:4 | Killed a caustic shrike
 58974 | Depths:4 | Killed a caustic shrike
 58980 | Depths:4 | Killed a caustic shrike
 59353 | Depths:5 | Received a gift from Trog
 59994 | Temple   | Fell from the grace of Trog
 59994 | Temple   | Became a worshipper of the Shining One
 60389 | Depths:5 | Reached skill level 1 in Invocations
 60426 | Depths:5 | Found a gate to the Realm of Zot.
 61033 | Vaults:5 | Entered Level 5 of the Vaults
 61037 | Vaults:5 | Reached * piety under the Shining One
 61070 | Vaults:5 | Cast into level 2 of the Abyss (vault guard)
 61106 | Abyss:2  | Found an ornate altar of the Wu Jian Council.
 61200 | Vaults:5 | Escaped the Abyss
 61353 | Vaults:5 | Reached ** piety under the Shining One
 61367 | Vaults:5 | Reached XP level 25. HP: 57/173 MP: 5/26
 61367 | Vaults:5 | Reached skill level 5 in Invocations
 61381 | Vaults:5 | The Shining One protects you from harm!
 61384 | Vaults:5 | HP: 2/173 [war gargoyle/morningstar (8)]
 61388 | Vaults:5 | Killed from afar by a titan

Vault maps used:
D:1:      roderic_crop_circles_arrival_small
D:2:      grunt_temple_overflow_magic_moments, uniq_crazy_yiuf_cottage,
          uniq_natasha
D:3:      first_bread
D:4:      uniq_grinder
D:5:      uniq_prince_ribbit1
D:6:      minmay_overflow_temple_hex, minmay_temple_entry_hall, uniq_duvessa,
          uniq_edmund, uniq_pikel
D:7:      grunt_temple_overflow_forces_of_nature, nicolae_lava_and_water,
          the_bakery, chequers_big_river
D:8:      grunt_temple_overflow_open, serial_shops, shop
D:9:      serial_shops, kennysheep_mini, minmay_item_behind_shaft
D:10:     dpeg_oklobed_lair
D:11:     serial_shops, shop, uniq_nergalle
D:12:     minmay_orc_entry_temple_small
D:13:     david_vaults_5, guppyfry_shop_venom, uniq_azrael
D:14:     abandoned_shop
D:15:     grunt_enter_depths_magical_seal, serial_bayou_pond_e, serial_shops,
          bzr_entry_gold, shop
Temple:   compressed_dpeg_triangle_lava_temple
Lair:1:   infiniplex_staircase_pool, uniq_gastronok
Lair:3:   minmay_snake_entry_six_corridors, beast_lair_carwin_10,
          minmay_lair_oklob_chamber, grunt_megastairs_4
Lair:4:   shoals_dummy_entry, enter_volcano_4, portal_ice_cave_entry_ice_beasts,
          lemuel_fruit_tree
Lair:5:   slaughterhouse, slime_altar_1, beast_lair_carwin_4, uniq_urug
Lair:6:   hangedman_lair_caniforms_friends, hangedman_lair_tendril_chambers,
          uniq_kirke
Shoals:2: nicolae_shoals_this_corrosion
Shoals:4: shoals_end_hangedman, shoals_ilsuiw_alternative, serial_shops, shop
Snake:1:  basic_altar, serial_bayou_shore_a
Snake:2:  st_stairs_14, serial_bayou_shore_b, uniq_frances, uniq_aizul
Snake:3:  basic_altar, grunt_megastairs_1
Snake:4:  snake_pit, serial_shops, shop, shop, shop, shop, nicolae_shop_stone,
          grunt_ministairs_15, uniq_agnes
Orc:1:    abandoned_shop
Orc:2:    st_orc_open, basic_altar, guppyfry_library_mini, uniq_donald,
          uniq_rupert, uniq_saint_roka, uniq_erolcha
Vaults:1: vaults_dpeg_ring, grunt_vaults_twisty, v_pattern_3,
          nicolae_vaults_shelves_hall, nicolae_vaults_little_squares_3,
          nicolae_vaults_big_angled_halls, v_misc_24, grunt_vaults_diagonal,
          nicolae_vaults_little_squares_4, nicolae_vaults_asterisk,
          hangedman_vaults_stretched_pinwheel, vaults_dpeg_diagonal,
          nicolae_vaults_windows_and_doors_thing
Vaults:2: vaults_room_door_hall, v_misc_30, ontoclasm_vaults_gallery,
          nicolae_vaults_puzzle_piece, vaults_dpeg_doors,
          dpeg_vaults_monster_box, vaults_mumra_minichess,
          ontoclasm_vaults_decontamination
Vaults:3: minmay_crypt_entry_necro_gods, st_quartered_hall,
          ontoclasm_vaults_ring_square, hangedman_vaults_corner_blocks,
          v_misc_15, v_misc_27, v_misc_22, v_misc_4, v_misc_3,
          nicolae_vaults_yaktaur_gun_rack, v_alt_pattern_6,
          ontoclasm_vaults_chip, hangedman_vaults_corner_blocks, uniq_mennas
Vaults:4: nicolae_vaults_little_squares_4, st_smaller_cells, vaults_dpeg_spiral,
          vaults_room_semicircle, grunt_vaults_bifocal, vaults_room_pool,
          vaults_mumra_hex, hangedman_vaults_slice, vaults_dpeg_encased_lava,
          vaults_mumra_chevron, portal_desolation_entry_salt, serial_shops,
          nicolae_shop_window_shopping, uniq_frederick
Vaults:5: serial_shops
Depths:1: enter_ziggurat_b, grunt_hell_entry_dis_mu, serial_shops, shop,
          minmay_misc_feat_doors, minmay_misc_feat_encased, patterned_corridor
Depths:2: hangedman_crystal_crosses_colossus, hell_entry, abyss_entry
Depths:3: gammafunk_corrupted_shrine, pan_entry, hell_entry, kennysheep_boxes,
          st_stairs_7, infiniplex_staircase_trident
Depths:4: pf_snail_temple, hell_entry, old_standard_altar, serial_shops, shop,
          nicolae_abyss_entry_one_way_or_another, aerie_lemuel,
          infiniplex_staircase_pillars_1
Depths:5: evilmike_zot_entry_hall, wad_floor_pattern_untrapped,
          hangedman_coc_ice_floe, lemuel_flames_and_gold
Bazaar:   grunt_bazaar_doublecross

Skill      XL: |  1  2  3  4  5  6  7  8  9 10 11 12 13 14 15 16 17 18 19 20 21 22 23 24 25 |
---------------+----------------------------------------------------------------------------+-----
Axes           | 3 4 5 6 7 9 10 11 13 14 15 16 18 19 | 19.8
Fighting       | 4 6 9 10 11 12 13 14 16 17 18 19 20 21 22 | 22.0
Armour         | 5 6 9 10 11 12 13 14 16 17 19 20 21 | 21.1
Dodging        | 3 4 5 6 7 |  7.9
Shields        | 7 9 10 11 12 13 14 15 17 18 19 20 21 22 | 22.3
Invocations    | 4 5 |  5.4

Action                   |  1- 3 |  4- 6 |  7- 9 | 10-12 | 13-15 | 16-18 | 19-21 | 22-24 | 25-27 || total
-------------------------+-------+-------+-------+-------+-------+-------+-------+-------+-------++-------
Melee: Hand axe          |    97 |   215 |       |       |       |       |       |       |       ||   312
       War axe           |       |    21 |   331 |   520 |  1196 |       |       |       |       ||  2068
       Flail             |       |       |       |       |    19 |       |       |       |       ||    19
       Broad axe         |       |       |       |       |   438 |  1235 |  1778 |  1524 |    12 ||  4987
Throw: Tomahawk          |       |       |       |     2 |    30 |       |       |       |       ||    32
       Javelin           |       |       |       |       |   102 |    92 |    67 |       |       ||   261
Invok: Berserk           |     1 |     4 |    12 |     8 |    22 |    21 |    12 |     8 |       ||    88
       Burn Spellbooks   |       |     1 |       |     2 |     2 |     2 |     3 |     3 |       ||    13
       Trog's Hand       |       |     1 |       |       |     5 |    12 |    19 |     5 |       ||    42
       Brothers in Arms  |       |       |       |     1 |    15 |    14 |    11 |     4 |       ||    45
       Divine Shield     |       |       |       |       |       |       |       |     1 |       ||     1
 Abil: Fly               |       |       |       |       |     1 |       |       |       |       ||     1
  Use: Scroll            |     4 |     5 |    11 |    11 |    13 |     9 |    11 |    11 |     1 ||    76
       Potion            |     1 |     1 |     4 |     4 |       |       |     2 |     6 |     8 ||    26
 Stab: Distracted        |       |       |       |       |       |     1 |     3 |     2 |       ||     6
  Eat: Chunk             |     1 |     3 |    16 |    13 |    49 |    25 |    38 |    17 |       ||   162
       Bread ration      |       |     2 |     1 |     1 |       |     9 |     4 |     2 |       ||    19
       Royal jelly       |       |       |     3 |     1 |     7 |     1 |     3 |     6 |       ||    21
       Fruit             |       |       |     2 |     9 |     5 |     5 |     9 |     1 |       ||    31
       Meat ration       |       |       |       |       |     1 |       |       |     1 |       ||     2
Armor: Animal skin       |    23 |       |       |       |       |       |       |       |       ||    23
       Chain mail        |    11 |   124 |   142 |    32 |    41 |   390 |   219 |       |       ||   959
       Plate armour      |       |       |       |   233 |   564 |       |   368 |   361 |       ||  1526
       Crystal plate arm |       |       |       |       |       |       |       |   497 |    51 ||   548
Dodge: Dodged            |    54 |    70 |   183 |   184 |   330 |   186 |   380 |   333 |    11 ||  1731
       Deflected         |       |       |       |       |       |       |    14 |       |       ||    14
Block: Large shield      |       |       |       |   431 |  1376 |  1014 |  1845 |  1716 |    54 ||  6436

Table legend:
 A = Spawn XP
 B = Non-spawn XP
 C = Spawn XP percentage of total XP
 D = Spawn monster count
 E = Non-spawn monster count
 F = Spawn count percentage of total count
 G = Total turns spent on level
                    A         B        C        D         E        F      G
               +---------+---------+-------+---------+---------+-------+---------
         Total |     932 |  976640 |   0.1 |       4 |    1892 |   0.2 | 61388
               +---------+---------+-------+---------+---------+-------+---------
           D:1 |       0 |     168 |   0.0 |       0 |      26 |   0.0 |  1396
           D:2 |       0 |     151 |   0.0 |       0 |      19 |   0.0 |  1227
           D:3 |       0 |     215 |   0.0 |       0 |      21 |   0.0 |   829
           D:4 |       0 |     593 |   0.0 |       0 |      12 |   0.0 |  1061
           D:5 |       0 |     794 |   0.0 |       0 |      24 |   0.0 |  1306
           D:6 |       0 |    1352 |   0.0 |       0 |      12 |   0.0 |  1336
           D:7 |       0 |     881 |   0.0 |       0 |      12 |   0.0 |  1398
           D:8 |       0 |    2132 |   0.0 |       0 |      18 |   0.0 |  1086
           D:9 |       0 |    1814 |   0.0 |       0 |      11 |   0.0 |  1019
          D:10 |       0 |    3498 |   0.0 |       0 |      28 |   0.0 |  1431
          D:11 |       0 |    5150 |   0.0 |       0 |      37 |   0.0 |   624
          D:12 |       0 |    8556 |   0.0 |       0 |      61 |   0.0 |  1827
          D:13 |       0 |   12298 |   0.0 |       0 |      43 |   0.0 |  1884
          D:14 |       0 |    9584 |   0.0 |       0 |      28 |   0.0 |  2008
          D:15 |       0 |   16207 |   0.0 |       0 |      41 |   0.0 |  2038
        Lair:1 |       0 |    2981 |   0.0 |       0 |       3 |   0.0 |   825
        Lair:2 |       0 |    3421 |   0.0 |       0 |      17 |   0.0 |   867
        Lair:3 |       0 |   12012 |   0.0 |       0 |      63 |   0.0 |  1647
        Lair:4 |       0 |    5499 |   0.0 |       0 |      31 |   0.0 |  1237
        Lair:5 |       0 |   11665 |   0.0 |       0 |      37 |   0.0 |  1605
        Lair:6 |       0 |   29744 |   0.0 |       0 |     120 |   0.0 |  2930
      Shoals:1 |       0 |   15906 |   0.0 |       0 |      34 |   0.0 |  1087
      Shoals:2 |       0 |   12485 |   0.0 |       0 |      29 |   0.0 |  1033
      Shoals:3 |       0 |   27102 |   0.0 |       0 |      56 |   0.0 |  1019
      Shoals:4 |       0 |   34693 |   0.0 |       0 |      60 |   0.0 |  1182
       Snake:1 |       0 |    9613 |   0.0 |       0 |      18 |   0.0 |  1476
       Snake:2 |       0 |   19200 |   0.0 |       0 |      36 |   0.0 |  1374
       Snake:3 |       0 |   28231 |   0.0 |       0 |      44 |   0.0 |  1522
       Snake:4 |       0 |   42301 |   0.0 |       0 |      70 |   0.0 |  2199
         Orc:1 |       0 |    2160 |   0.0 |       0 |      26 |   0.0 |   939
         Orc:2 |       0 |   24123 |   0.0 |       0 |      89 |   0.0 |  1924
      Vaults:1 |       0 |   51137 |   0.0 |       0 |     100 |   0.0 |  2014
      Vaults:2 |       0 |   39361 |   0.0 |       0 |      50 |   0.0 |  2378
      Vaults:3 |       0 |   59947 |   0.0 |       0 |      83 |   0.0 |  1538
      Vaults:4 |       0 |   88459 |   0.0 |       0 |     116 |   0.0 |  2110
      Vaults:5 |       0 |   25490 |   0.0 |       0 |      18 |   0.0 |    54
      Depths:1 |       0 |   27495 |   0.0 |       0 |      39 |   0.0 |  1312
      Depths:2 |       0 |   75810 |   0.0 |       0 |      60 |   0.0 |  3485
      Depths:3 |       0 |   65939 |   0.0 |       0 |      76 |   0.0 |  1448
      Depths:4 |       0 |  134441 |   0.0 |       0 |     145 |   0.0 |  2024
      Depths:5 |       0 |   60892 |   0.0 |       0 |      69 |   0.0 |  1027
       Abyss:2 |     932 |    3140 |  22.9 |       4 |      10 |  28.6 |   225
               +---------+---------+-------+---------+---------+-------+---------
